 Dungeon Crawl Stone Soup version 0.20-a0-513-g02c11fc (webtiles) character file.

1138862 Theaset the Merfolkian Porcupine (level 27, -3/249 HPs)
             Began as a Merfolk Fighter on Jan 22, 2017.
             Was the Champion of Makhleb.
             Killed from afar by a hellion (19 damage)
             ... with damnation
             ... on level 27 of a ziggurat.
             The game lasted 05:34:24 (128006 turns).

Theaset the Merfolkian Porcupine (MfFi)           Turns: 128006, Time: 05:34:25

Health: -3/249     AC: 42    Str: 34    XL:     27
Magic:  2/54       EV: 15    Int: 22    God:    Makhleb [******]
Gold:   7736       SH:  0    Dex: 13    Spells: 27/71 levels left

rFire    + + .     SeeInvis +   H - +8 glaive of the Guard {elec, +Rage AC+5 SInv}
rCold    + + +     Gourm    .   G - +1 plate armour of Too Many Cooks {Slay+2} (curse)
rNeg     + + +     Faith    .   (shield currently unavailable)
rPois    ∞         Spirit   .   C - -2 hat of the Alchemist {rElec rPois rF+ rC+ rN+ MR+ rMut rCorr}
rElec    +         Reflect  .   y - +3 cloak "Raodong" {Str+7}
rCorr    +         Harm     .   E - +2 pair of gloves of Mucak {MR+ Int+2 Stlth+}
rMut     +                      N - +2 pair of boots of Feelyf {rPois rC++ MR+}
MR       +++++                  O - amulet "Giot" {RegenMP Int+2}
Stlth    ..........             Y - ring "Inwozxai" {rPois rN+ Str+4 Int+6 Dex-2}
Regen    0.6/turn               (no ring)

@: lich-form, contaminated, glowing, studying Evocations
A: (change form in water), (swift swim), (stealthy swim), fire resistance 1,
high mp 1, screaming 1, no potion heal 1
}: 7/15 runes: decaying, serpentine, slimy, silver, golden, obsidian, icy
a: End Transformation, Minor Destruction, Lesser Servant of Makhleb, Major
Destruction, Greater Servant of Makhleb, Renounce Religion


You were on level 27 of a ziggurat.
You worshipped Makhleb.
Makhleb was exalted by your worship.
You were not hungry.
You were a lich.
You visited 16 branches of the dungeon, and saw 75 of its levels.
You visited the Abyss 3 times.
You visited 2 ziggurats, and saw 41 of their levels (deepest: 27).
You also visited: Sewer and Ice Cave.

You collected 15120 gold pieces.
You spent 7384 gold pieces at shops.

Inventory:

Hand Weapons
 i - the +6 scimitar of Flaming Death {sticky flame, rPois rF++ rC- MR+}
   (You found it on level 26 of a ziggurat)

   It has been specially enchanted to burn those struck by it, causing extra
   injury to most foes and up to half again as much damage against particularly
   susceptible opponents.
   Big, fiery blades are also staple armaments of hydra-hunters.
   It greatly protects you from fire.
   It makes you vulnerable to cold.
   It protects you from poison.
   It affects your resistance to hostile enchantments.
 H - the +8 glaive of the Guard (weapon) {elec, +Rage AC+5 SInv}
   (You bought it in a shop on level 12 of the Dungeon)

   Occasionally, upon striking a foe, it will discharge some electrical energy
   and cause terrible harm.
   It affects your AC (+5).
   It lets you see invisible.
   It lets you go berserk.
 K - a +9 trishula of holy wrath
 R - the +8 lance "Wyrmbane" {slay drac, rPois rF+ rC+ AC+3}
   (You found it on level 21 of a ziggurat)

   It affects your AC (+3).
   It protects you from fire.
   It protects you from cold.
   It protects you from poison.
 S - the +8 demon blade "Leech" {vamp, rN+ AC-3 EV-3}
   (You found it on level 22 of a ziggurat)

   It inflicts no extra harm, but heals its wielder when it wounds a living foe.
   It affects your AC (-3).
   It affects your evasion (-3).
   It protects you from negative energy.
 T - the +8 bow of Krishna "Sharnga" {speed, Dex+3 SInv}
   (You found it on level 23 of a ziggurat)

   Attacks with this weapon are significantly faster.
   It affects your dexterity (+3).
   It lets you see invisible.
 Z - the +3 mace of Variability {chaos}
   (You found it on level 25 of a ziggurat)

   Each time it hits an enemy it has a different, random effect.
Armour
 v - the +2 plate armour of Ixtoazir {MR- Str+8 Int+7 Dex-4}
   (You found it on level 15 of a ziggurat)

   It affects your strength (+8).
   It affects your intelligence (+7).
   It affects your dexterity (-4).
   It affects your resistance to hostile enchantments.
 y - the +3 cloak "Raodong" (worn) {Str+7}
   (You found it on level 7 of Cocytus)

   It affects your strength (+7).
 C - the -2 hat of the Alchemist (worn) {rElec rPois rF+ rC+ rN+ MR+ rMut rCorr}
   (You found it on level 7 of Gehenna)

   It protects you from fire.
   It protects you from cold.
   It insulates you from electricity.
   It protects you from poison.
   It protects you from negative energy.
   It affects your resistance to hostile enchantments.
   It protects you from acid and corrosion.
   It protects you from mutation.
 E - the +2 pair of gloves of Mucak (worn) {MR+ Int+2 Stlth+}
   (You found it on level 7 of Gehenna)

   It affects your intelligence (+2).
   It affects your resistance to hostile enchantments.
   It makes you more stealthy.
 G - the cursed +1 plate armour of Too Many Cooks (worn) {Slay+2}
   (You found it on level 26 of a ziggurat)

   It affects your accuracy and damage with ranged weapons and melee attacks
   (+2).
   It has a curse placed upon it.
 N - the +2 pair of boots of Feelyf (worn) {rPois rC++ MR+}
   (You found it on level 3 of the Elven Halls)

   It greatly protects you from cold.
   It protects you from poison.
   It affects your resistance to hostile enchantments.
Magical Staves
 l - an uncursed staff of energy
 z - an uncursed staff of conjuration
Jewellery
 n - the amulet of the Four Winds {rN+ MR+++ Clar}
   (You took it off a skeletal warrior on level 7 of Cocytus)

   [amulet of nothing]

   It protects you from negative energy.
   It affects your resistance to hostile enchantments.
   It protects you against confusion.
 p - the ring of Buunucof {Wiz rF+ rC++ Str+4}
   (You found it on level 17 of a ziggurat)

   [ring of wizardry]

   It improves your spell success rate.
   It affects your strength (+4).
   It protects you from fire.
   It greatly protects you from cold.
 B - the ring of Inome {rF+ rN+ Str+4 Dex+4}
   (You found it on level 4 of the Depths)

   [ring of strength]

   It affects your strength (+4).
   It affects your dexterity (+4).
   It protects you from fire.
   It protects you from negative energy.
 F - the brooch of Shielding {Reflect SH+8}
   (You found it on level 1 of the Snake Pit)

   [amulet of reflection]

   It shields you and reflects attacks.
   It affects your SH (+8).
 O - the amulet "Giot" (around neck) {RegenMP Int+2}
   (You found it on level 17 of a ziggurat)

   [amulet of magic regeneration]

   It increases your magic regeneration.
   It affects your intelligence (+2).
 Y - the ring "Inwozxai" (right hand) {rPois rN+ Str+4 Int+6 Dex-2}
   (You found it on level 3 of the Crypt)

   [ring of positive energy]

   It affects your strength (+4).
   It affects your intelligence (+6).
   It affects your dexterity (-2).
   It protects you from poison.
   It protects you from negative energy.
Wands
 f - a wand of digging (3/24)
 Q - a wand of acid (4/15)
Scrolls
 b - 9 scrolls of identify
 c - 3 scrolls of enchant armour
 d - 7 scrolls of blinking
 g - a scroll of immolation
 h - 25 scrolls of fog
 j - 14 scrolls of teleportation
 m - 36 scrolls of remove curse
 o - 7 scrolls of vulnerability
 r - 18 scrolls of amnesia
 w - 24 scrolls of recharging
 x - 16 scrolls of magic mapping
 A - 5 scrolls of fear
 I - a scroll of holy word
 V - 5 scrolls of silence
 X - a scroll of torment
Potions
 e - 4 potions of magic
 k - 9 potions of flight
 q - 3 potions of berserk rage
 s - 11 potions of brilliance
 t - 15 potions of curing
 J - 22 potions of haste
 L - 4 potions of cancellation
 P - 4 potions of cure mutation
 U - 4 potions of resistance
Books
 W - a manual of Evocations
Miscellaneous
 a - a crystal ball of energy
 u - a lamp of fire (inert)
 D - 2 phantom mirrors
Comestibles
 M - 47 fruits


   Skills:
 O Level 27 Fighting
 O Level 27 Polearms
 - Level 0.8(12.0) Staves
 - Level 21.3 Armour
 - Level 10.7 Dodging
   Level 9.6 Shields
 + Level 22.5 Spellcasting
 + Level 23.6 Conjurations
 - Level 14.7 Necromancy
 + Level 3.3 Translocations
 - Level 21.2 Transmutations
 O Level 27 Ice Magic
 O Level 27 Invocations
 * Level 4.4 Evocations


You had 27 spell levels left.
You knew the following spells:

 Your Spells              Type           Power        Failure   Level  Hunger
a - Necromutation         Tmut/Necr      ########..   24%         8    N/A
b - Infestation           Necr           #######...   87%         8    N/A
c - Glaciate              Conj/Ice       #######...   34%         9    N/A
d - Controlled Blink      Tloc           N/A          100%        8    N/A
e - Deflect Missiles      Chrm/Air       ###.......   100%        6    N/A
f - Irradiate             Conj/Tmut      #######...   1%          5    N/A

Dungeon Overview and Level Annotations

Branches:
Dungeon (15/15)            Temple (1/1) D:6            Lair (6/6) D:10
  Swamp (4/4) Lair:4        Snake (4/4) Lair:3        Slime (5/5) Lair:5
    Orc (2/2) D:9             Elf (3/3) Orc:2        Vaults (5/5) D:14
  Crypt (3/3) Vaults:2       Tomb (3/3) Crypt:3      Depths (5/5) D:15
   Hell (1/1)                 Dis (0/7) Hell            Geh (7/7) Hell
    Coc (7/7) Hell            Tar (0/7) Hell            Zot (4/5) Depths:5

Altars:
Ashenzari
Cheibriados
Dithmenos
Elyvilon
Fedhas
Gozag
Hepliaklqana
Kikubaaqudgha
Makhleb
Nemelex Xobeh
Okawaru
Qazlal
Ru
Sif Muna
Trog
Uskayaw
Vehumet
Xom
Yredelemnul
Zin
The Shining One
Beogh
Jiyva

Shops:
D:9 *   D:11 }   D:12 (   D:15 *   Orc:2 (!([=   Elf:1 ?[   Elf:3 =
Snake:1 [[}:(   Depths:3 *[!

Portals:
Hell: Depths:1 Depths:2 Depths:3 Depths:4 Depths:5
Abyss: Depths:1 Depths:3 Depths:4 Depths:5
Pandemonium: Depths:3


Innate Abilities, Weirdness & Mutations

((You revert to your normal form in water.))
((You are very nimble and swift while swimming.))
((You are very stealthy in the water. (Stealth+)))
Your flesh is heat resistant. (rF+)
You have an increased reservoir of magic. (+10% MP)
You occasionally shout uncontrollably at your foes.
Potions are less effective at restoring your health.


Message History

You are engulfed in flames.
You resist.
* * * LOW HITPOINT WARNING * * *
The Executioner is engulfed in freezing vapours.
The Executioner hits you but does no damage. x2
The Executioner hits you.
* * * LOW HITPOINT WARNING * * *
The torturous blood saint is engulfed in freezing vapours.
The reaper is engulfed in freezing vapours.
Unknown command.
Unknown command.
Blink to where?
Press: ? - help, Dir - move target cursor, p - Executioner
As you read the scroll of blinking, it crumbles to dust.
A tormentor comes into view.
The torturous demonspawn shouts!
The tormentor roars!
The blizzard demon dissolves into shadows!
The sixfirhy is engulfed in freezing vapours. x3
The hellion gestures at you.
The sphere of damnation explodes!
The damnation engulfs you!
You die...

▓▓▓▓▓▓▓▓▓▓▓▓▓▓▓▓
▓...............▓
▓...............▓
▓...............▓
▓...............▓
▓...............▓
▓........2......▓
▓.......1.......▓
▓▓.....6§112....L▓
..##.§68§6§....##.......
..###§21116.66## .......
...##62212§1.6# .......
...222§§§243X.1. .......
..1§§§§§§66§§..2..2.....
.11.2222.2.6............
............ .......
...6....1...


You could see 2 Hell Sentinels, a Brimstone Fiend, 2 demonspawn, 2 green deaths,
a monstrous corrupter, a gelid black sun, 2 Executioners, a blizzard demon, an
infernal blood saint (berserk), a shadow demon, a torturous demonspawn, an
orange demon, a sixfirhy, a hellion and a tormentor.

Vanquished Creatures
  Antaeus (Coc:7)
  the Royal Jelly (Slime:5)
  The ghost of sose the Archmage, a legendary DECj of Ashenzari (Zig:27)
  7 juggernauts
  10 ancient liches
  Sojobo (Depths:3)
  37 greater mummies
  the Lernaean hydra (Swamp:4)
  26 shard shrikes
  Frederick (Depths:3)
  5 Killer Klowns
  2 caustic shrikes
  A curse toe (Zot:3)
  A caustic shrike (shapeshifter) (Zig:6)
  20 golden dragons
  6 profane servitors
  16 bone dragons
  7 electric golems
  A hellephant (Depths:4)
  13 liches
  27 Ice Fiends
  34 Brimstone Fiends
  6 Hell Sentinels
  19 tentacled monstrosities
  5 titans
  2 quicksilver dragons (Zot:2)
  3 deep elf blademasters
  A quicksilver dragon (shapeshifter) (Zig:10)
  14 tentacled starspawn
  5 death cobs
  10 sphinxes
  62 acid blobs
  3 Executioners
  13 ancient champions
  4 eldritch tentacles
  7 thorn hunters
  Agnes (Elf:1)
  3 pandemonium lords
  A storm dragon (shapeshifter) (Zig:10)
  15 storm dragons
  5 tengu reavers
  7 shadow dragons
  A shadow dragon (shapeshifter) (Zig:6)
  8 revenants
  41 azure jellies
  5 daevas
  13 fire giants
  The ghost of Yermak the Fencer, an adept BaBe of Trog (Swamp:3)
  13 nagarajas
  11 frost giants
  9 draconian monks
  An emperor scorpion (Zig:13)
  4 draconian scorchers
  12 draconian knights
  2 deep elf sorcerers
  10 orc warlords
  4 ghost moths
  9 vault wardens
  7 cacodemons
  4 juggernaut zombies
  6 draconian shifters
  16 balrugs
  7 ghouls
  5 draconian stormcallers
  8 deep elf elementalists
  7 angels
  4 draconian annihilators
  5 curse skulls
  13 ironheart preservers
  A spriggan defender (Depths:4)
  A warmonger (Zig:27)
  12 war gargoyles
  3 blood saints
  44 reapers
  24 stone giants
  An ophan (Abyss:2)
  9 elemental wellsprings
  3 juggernaut skeletons
  14 bennus
  41 very ugly things
  19 vampire knights
  4 entropy weavers
  10 green draconians
  5 deep elf demonologists
  6 yellow draconians
  9 dire elephants (Depths:4)
  8 purple draconians
  17 white draconians
  16 black draconians
  11 red draconians
  6 deep elf annihilators
  3 spark wasps (Zig:8)
  5 lorocyprocas
  9 eidola
  4 merfolk javelineers (Zig:23)
  14 death oozes
  Snorg (D:11)
  12 ettins
  An ettin (shapeshifter) (Vaults:1)
  36 mummy priests
  4 crystal guardians
  10 quicksilver dragon zombies
  27 blizzard demons
  13 deep elf death magi
  13 green deaths
  3 merfolk impalers (Zig:23)
  14 yaktaur captains
  6 deep elf high priests
  4 jiangshi
  7 fire dragons
  20 ogre magi
  21 hydras
  24 great orbs of eyes
  10 rakshasas
  9 quicksilver dragon skeletons
  5 kraken zombies
  33 ice dragons
  An alligator snapping turtle (shapeshifter) (Zig:6)
  25 vault guards
  8 spriggan air magi
  13 naga warriors
  2 hell beasts
  2 alligator snapping turtles (Zig:23)
  3 ghost crabs
  Erica (D:8)
  32 starcursed masses
  4 death knights
  A merfolk avatar (Zig:23)
  9 centaur warriors
  59 two-headed ogres
  A death yak (D:10)
  34 death scarabs
  15 anacondas
  25 dancing weapons
  58 hell hogs
  6 merfolk aquamancers (Zig:23)
  19 alligators
  2 satyrs
  4 deep troll shamans
  17 naga sharpshooters
  7 tengu warriors
  15 titan zombies
  A shock serpent (shapeshifter) (Vaults:3)
  7 shock serpents
  2 deep troll earth magi (Depths:3)
  10 vampire magi
  Nergalle (Lair:1)
  8 orc high priests
  A spriggan berserker (Depths:2)
  70 hell knights
  14 storm dragon zombies
  17 thrashing horrors
  17 deep elf knights
  15 soul eaters
  18 wretched stars
  4 iron golems
  33 sun demons
  2 iron trolls (shapeshifter)
  12 titan skeletons
  99 skeletal warriors
  5 iron trolls
  5 sea snakes (Zig:23)
  4 shadow wraiths
  8 spatial maelstroms
  A sixfirhy (Abyss:2)
  11 death drakes
  A quicksilver dragon simulacrum (Crypt:2)
  A sea snake (shapeshifter) (Vaults:5)
  2 salamander mystics
  9 storm dragon skeletons
  19 anaconda zombies
  3 ghost moth zombies
  6 wizards
  A shadow demon (Zig:6)
  A deep troll (shapeshifter) (Zig:15)
  10 golden dragon zombies
  10 glowing orange brains
  14 unseen horrors
  3 shambling mangroves
  3 spriggan druids
  7 naga ritualists
  8 shadow dragon zombies
  19 swamp dragons
  29 flayed ghosts
  22 deep trolls
  11 deep elf archers
  An orange crystal statue (Zig:4)
  A glowing orange brain (shapeshifter) (Depths:5)
  2 harpies (shapeshifter)
  10 anaconda skeletons
  32 necromancers
  36 phantasmal warriors
  3 wolf spider zombies
  12 golden dragon skeletons
  Pikel (D:9)
  5 orb spiders (Zig:10)
  A sphinx zombie (Zig:7)
  48 deep elf magi
  15 ironbrand convokers
  12 harpies
  9 fire giant zombies
  3 oklob plants (Lair:1)
  17 orc knights
  9 orc sorcerers
  8 wolf spiders
  10 stone giant zombies
  7 mana vipers
  13 frost giant zombies
  2 shining eyes (shapeshifter) (Zig:15)
  9 manticores (Zig:23)
  14 shadow dragon skeletons
  20 shining eyes
  6 iron dragon zombies
  40 ugly things
  A toenail golem (Abyss:2)
  8 iron dragon skeletons
  10 salamanders
  10 cyclopes
  A moth of wrath (shapeshifter) (Vaults:5)
  9 worldbinders (Abyss:2)
  16 rust devils
  3 human skeletons
  26 moths of wrath
  32 black mambas
  40 large abominations
  7 elephants
  A water nymph (shapeshifter) (D:13)
  20 fire giant skeletons
  6 frost giant skeletons
  7 guardian serpents
  9 dire elephant zombies
  25 naga magi
  6 merfolk sirens (Zig:23)
  14 vault sentinels
  8 ice statues
  7 stone giant skeletons
  5 apocalypse crabs
  Psyche (D:8)
  10 water nymphs (Zig:23)
  A shock serpent zombie (Geh:4)
  11 eyes of devastation
  An eye of devastation (shapeshifter) (Zig:6)
  10 gargoyles
  17 molten gargoyles
  10 dire elephant skeletons
  7 storm dragon simulacra (Coc:7)
  2 black draconian zombies
  7 titan simulacra (Coc:7)
  29 smoke demons
  22 spiny frogs
  A yaktaur zombie (Vaults:2)
  A sea snake zombie (Crypt:1)
  7 orange demons
  4 centaur skeletons
  30 hellions
  2 elf skeletons
  2 kobold demonologists
  47 freezing wraiths
  6 catoblepas zombies
  2 emperor scorpion zombies (Geh:7)
  5 komodo dragons
  A shock serpent skeleton (Geh:7)
  5 demonic crawlers
  58 yaktaurs
  10 efreet
  A purple draconian skeleton (Crypt:1)
  41 ice devils
  3 anaconda simulacra
  46 tormentors
  5 harpy zombies
  87 guardian mummies
  41 red devils
  9 hellwings (Abyss:2)
  2 jumping spiders (Zig:10)
  3 meliai (D:15)
  2 ghost moth simulacra
  29 hydra zombies
  A tengu conjurer (D:15)
  10 trolls
  2 jumping spiders (shapeshifter)
  15 ancient zymes
  14 tyrant leeches
  24 merfolk (Zig:23)
  A minotaur zombie (Tomb:2)
  A catoblepas skeleton (Crypt:2)
  A meliai (shapeshifter) (Vaults:2)
  25 hornets
  5 polar bears
  A raiju (shapeshifter) (Depths:1)
  A shadow dragon simulacrum (Coc:6)
  141 slime creatures
  26 raiju
  A tyrant leech (shapeshifter) (Zig:18)
  17 blink frogs
  6 harpy skeletons
  11 hydra skeletons
  8 ice dragon zombies
  9 snapping turtles (Zig:23)
  17 ettin zombies
  2 fire giant simulacra
  19 bog bodies
  15 alligator zombies
  A deep troll zombie (Zig:1)
  6 fire dragon zombies
  A meliai zombie (D:15)
  8 ice dragon skeletons
  13 ettin skeletons
  10 hippogriffs
  26 water elementals
  5 black mamba zombies
  10 air elementals
  3 alligator skeletons
  10 fire dragon skeletons
  3 redbacks (Zig:10)
  5 vampires
  A wyvern (Lair:5)
  187 flying skulls
  A spriggan (shapeshifter) (Depths:1)
  17 ushabtiu
  A tarantella (Zig:10)
  28 yaks
  8 ynoxinuls
  36 shadows
  3 humans
  A satyr skeleton (Crypt:1)
  12 spriggans
  4 hogs (D:8)
  3 black mamba skeletons
  5 fire bats
  42 wraiths
  54 fire elementals
  25 golden eyes
  5 basilisks
  41 vampire mosquitoes
  8 chaos spawn
  2 human simulacra (Vaults:5)
  A red draconian simulacrum (Abyss:2)
  7 hungry ghosts
  9 neqoxecs
  19 swamp worms
  A yellow draconian simulacrum (Abyss:2)
  7 wargs
  43 nagas
  A soldier ant (D:15)
  12 spatial vortices
  22 insubstantial wisps
  Edmund (D:5)
  2 acid dragons
  71 hell hounds
  Purgy (Sewer)
  A merfolk skeleton (Coc:5)
  21 spiny frog zombies
  16 water moccasins
  A porcupine (shapeshifter) (Zig:18)
  6 porcupines
  12 hydra simulacra
  5 floating eyes
  41 orc warriors
  7 spiny frog skeletons
  A gelid demonspawn skeleton (Crypt:1)
  24 ice beasts
  5 sky beasts
  14 swamp drakes
  35 small abominations
  19 eyes of draining
  4 manticore zombies
  3 ettin simulacra
  2 alligator simulacra
  4 black bears
  3 phantoms
  8 snapping turtle zombies
  18 necrophages
  6 snapping turtle skeletons
  An ice dragon simulacrum (Coc:5)
  8 boggarts
  20 wolves
  44 ogres
  17 centaurs
  2 manticore skeletons
  11 crocodiles
  3 swamp dragon skeletons
  11 elf zombies
  2 big kobolds (D:9)
  6 human zombies
  3 gnoll sergeants
  A komodo dragon zombie (Crypt:2)
  26 bullfrogs
  4 earth elementals
  4 spiny frog simulacra
  A salamander skeleton (Crypt:1)
  2 wyvern skeletons
  2 scorpions (D:5)
  A queen bee zombie (Crypt:2)
  A water moccasin skeleton (D:9)
  A snapping turtle simulacrum (Coc:5)
  6 spriggan zombies
  5 killer bees
  A troll zombie (Coc:2)
  85 wights
  A howler monkey (D:11)
  An electric eel (Lair:3)
  12 crimson imps
  5 centaur zombies
  A wyvern simulacrum (D:14)
  3 jellies
  10 quasits (Abyss:2)
  23 orc priests
  4 hounds
  31 orc wizards
  A gnoll shaman (Orc:1)
  21 iron imps
  Jessica (D:15)
  3 bullfrog skeletons
  4 iguanas
  9 worker ants
  2 lightning spires
  A crocodile zombie (Crypt:2)
  3 tengu zombies
  A naga zombie (Coc:6)
  A spectral hound (Depths:3)
  A tengu skeleton (Coc:7)
  A naga skeleton (Geh:6)
  A hound skeleton (D:9)
  91 mummies
  A worker ant zombie (D:11)
  Robin (D:2)
  18 gnolls
  A howler monkey skeleton (D:4)
  8 adders
  An ogre simulacrum (Coc:7)
  4 shadow imps
  22 white imps
  7 ufetubi
  An adder zombie (D:5)
  A worm zombie (Crypt:1)
  5 worms
  4 dart slugs
  8 leopard geckos
  98 orcs
  A ball python (D:3)
  8 giant cockroaches
  14 goblins
  9 hobgoblins
  19 jackals
  6 quokkas
  A ball python skeleton (D:4)
  6 bats
  5 frilled lizards
  A jackal zombie (D:8)
  23 kobolds
  A kobold zombie (Geh:3)
  2 leopard gecko skeletons (D:4)
  3 orc skeletons
  An orc zombie (Geh:6)
  A quokka skeleton (D:4)
  A quokka zombie (D:5)
  8 rats
  A rat zombie (Crypt:2)
  3 blocks of ice
  25 briar patches
  9 fire vortices
  A fungus (Temple)
  3 lurking horrors
  13 starspawn tentacles
  9 tentacles
5570 creatures vanquished.

Vanquished Creatures (collateral kills)
  Asmodeus (Geh:7)
  A juggernaut (Depths:2)
  Xtahua (Vaults:3)
  2 caustic shrikes (Depths:2)
  Geryon (Hell)
  Nikola (Swamp:1)
  2 bone dragons (Depths:5)
  Jorgrun (Vaults:1)
  4 liches
  A tentacled monstrosity (Depths:5)
  2 titans
  A deep elf blademaster (Elf:3)
  2 deep elf master archers (Elf:3)
  The ghost of Jano the Black Belt, an adept DsGl of Okawaru (Vaults:1)
  2 quicksilver dragons (Depths:5)
  A tentacled starspawn (Abyss:2)
  An Executioner (Zig:14)
  2 death cobs (Zot:2)
  2 ancient champions (Hell)
  2 sphinxes
  A storm dragon (Vaults:5)
  Roxanne (Elf:2)
  A tengu reaver (Depths:3)
  3 nagarajas
  A shadow dragon (Vaults:5)
  A frost giant (shapeshifter) (Zig:14)
  A deep elf sorcerer (Elf:3)
  A revenant (Hell)
  5 fire giants
  7 frost giants
  3 vault wardens
  Aizul (Elf:2)
  4 iron dragons
  A draconian scorcher (Depths:5)
  A cacodemon (Hell)
  A balrug (Hell)
  A reaper (Hell)
  A ghoul (Vaults:5)
  3 draconian shifters
  Louise (Elf:1)
  A deep elf elementalist (Elf:3)
  11 stone giants
  9 very ugly things
  A draconian annihilator (Zot:4)
  An entropy weaver (Vaults:2)
  2 war gargoyles (Hell)
  4 ironheart preservers
  A deep elf demonologist (Elf:3)
  A green draconian (Zot:2)
  2 black draconians
  2 dire elephants (Depths:4)
  3 deep elf annihilators (Elf:3)
  3 purple draconians
  A yellow draconian (Depths:5)
  2 white draconians
  3 vampire knights
  A spark wasp (shapeshifter) (Depths:2)
  A red draconian (Zot:4)
  2 ettins (Depths:3)
  2 blizzard demons (Hell)
  3 fire dragons
  A quicksilver dragon zombie (Hell)
  6 deep elf death magi
  4 jiangshi
  Erolcha (Orc:1)
  4 great orbs of eyes
  4 yaktaur captains
  2 deep elf high priests
  14 hydras
  A rakshasa (Depths:4)
  2 vault guards (Depths:3)
  A hell beast (Hell)
  7 ice dragons
  5 centaur warriors
  2 spriggan air magi
  7 naga warriors
  6 anacondas
  A death knight (Vaults:2)
  A two-headed ogre (shapeshifter) (Depths:2)
  6 dancing weapons
  12 two-headed ogres
  2 ogre magi
  3 deep troll shamans
  4 shock serpents
  A spriggan berserker (Depths:5)
  4 vampire magi
  2 tengu warriors (Depths:3)
  5 deep troll earth magi
  9 naga sharpshooters
  4 orc high priests
  7 hell hogs (Hell)
  A titan skeleton (Hell)
  3 deep elf knights
  An iron golem (Hell)
  7 hell knights
  3 soul eaters (Hell)
  4 sun demons (Hell)
  3 sixfirhies (Hell)
  A wretched star (Abyss:2)
  2 iron trolls
  13 skeletal warriors
  5 flayed ghosts
  4 swamp dragons (Swamp:4)
  4 naga ritualists (Snake:4)
  8 deep trolls
  4 phantasmal warriors
  2 shambling mangroves
  3 deep elf archers
  3 glowing orange brains
  A wizard (Depths:4)
  A harpy (Vaults:3)
  A wolf spider (Vaults:3)
  3 ironbrand convokers
  5 orc knights
  4 necromancers
  A shining eye (shapeshifter) (Vaults:5)
  4 mana vipers
  11 ugly things
  2 fire giant zombies
  2 orc sorcerers
  21 deep elf magi
  2 fire giant skeletons (Crypt:3)
  A salamander (Snake:1)
  5 cyclopes
  A dire elephant zombie (Hell)
  8 elephants
  2 large abominations
  12 naga magi
  5 vault sentinels
  A guardian serpent (Snake:1)
  An orange demon (Hell)
  10 black mambas
  8 rust devils
  A spiny frog (Lair:6)
  3 smoke demons (Hell)
  An elf zombie (Elf:3)
  A hellion (Hell)
  2 rime drakes (Orc:1)
  3 dire elephant skeletons
  3 centaur skeletons (D:14)
  4 freezing wraiths
  14 yaktaurs
  A redback zombie (D:15)
  A guardian mummy (Crypt:3)
  2 komodo dragons (shapeshifter)
  A komodo dragon (Lair:6)
  A hydra zombie (Swamp:4)
  3 ice devils (Hell)
  6 trolls
  5 red devils (Hell)
  A tengu conjurer (Depths:4)
  6 hornets
  A tyrant leech (Swamp:1)
  A guardian serpent zombie (Crypt:2)
  An iron dragon simulacrum (Hell)
  7 blink frogs
  2 bog bodies
  2 hydra skeletons (Hell)
  A raiju (shapeshifter) (Depths:5)
  A dream sheep (Lair:6)
  A harpy skeleton (D:14)
  4 slime creatures
  3 hippogriffs
  6 spriggans
  4 fire dragon skeletons (Crypt:3)
  2 wraiths (Vaults:1)
  8 air elementals
  An alligator skeleton (Hell)
  A redback (Vaults:2)
  2 tarantellas (Vaults:2)
  2 vampires
  2 basilisks
  2 fire bats (shapeshifter)
  12 yaks
  A golden eye (Abyss:2)
  3 water elementals (Depths:5)
  3 fire elementals
  3 vampire mosquitoes
  A steam dragon (D:14)
  3 insubstantial wisps (Swamp:1)
  A warg (Depths:3)
  19 nagas
  2 swamp worms
  A hydra simulacrum (Hell)
  A hell hound (Hell)
  A soldier ant (D:15)
  A spiny frog zombie (Hell)
  A water moccasin (Lair:1)
  An ice beast (D:15)
  A porcupine (Lair:2)
  A sky beast (D:11)
  An alligator simulacrum (Hell)
  A fire dragon simulacrum (Hell)
  13 orc warriors
  7 swamp drakes
  2 black bears
  12 ogres
  5 wolves
  2 boggarts (Lair:6)
  9 centaurs
  A manticore zombie (Hell)
  A big kobold (D:12)
  7 crocodiles
  5 bullfrogs
  2 scorpions
  An electric eel (Lair:5)
  2 crimson imps (Hell)
  A hound (D:10)
  A jelly (D:10)
  12 orc priests
  A human zombie (Crypt:1)
  7 orc wizards (Orc:2)
  A big kobold zombie (Crypt:1)
  A spectral hound (Depths:3)
  A naga skeleton (Crypt:3)
  3 mummies
  An adder (D:10)
  A gnoll (D:9)
  2 orc zombies (Orc:2)
  A white imp (Abyss:2)
  A lava snake zombie (Crypt:2)
  A leopard gecko (D:11)
  16 orcs
  A bat skeleton (Crypt:2)
  A jackal (shapeshifter) (Vaults:5)
  2 kobolds
  8 fungi
  7 plants
747 creatures vanquished.

Vanquished Creatures (others)
  An ancient lich (Zig:18)
  2 bone dragons
  A Tzitzimitl (Zig:27)
  4 eldritch tentacles
  An Executioner (Zig:27)
  A balrug (Zig:27)
  A deep elf sorcerer (Elf:3)
  A spectral human (Vaults:3)
  13 ghouls
  3 elemental wellsprings
  9 vampire knights
  A black sun (Zig:27)
  A lorocyproca (Zig:27)
  5 vault guards (Vaults:5)
  2 ice dragons
  A centaur warrior (D:14)
  A merfolk aquamancer (Zig:23)
  4 death scarabs (Tomb:2)
  2 hell hogs
  A vampire mage (Depths:3)
  A soul eater (Hell)
  A wretched star (Zig:5)
  14 skeletal warriors
  2 anaconda zombies
  13 flayed ghosts
  A naga ritualist (Snake:4)
  A spectral centaur (Swamp:2)
  A deep elf archer (Vaults:1)
  3 swamp dragons
  An orc knight (Vaults:5)
  A deep elf mage (Elf:2)
  A necromancer (Vaults:5)
  An ugly thing zombie (Vaults:2)
  10 phantasmal warriors
  2 draconian zombies (Zot:4)
  A stone giant skeleton (Vaults:5)
  A green draconian zombie (Zot:4)
  An orange demon (Abyss:2)
  A purple draconian zombie (Zot:4)
  4 yaktaurs
  2 black draconian zombies (Zot:4)
  2 white draconian zombies (Zot:4)
  A demonic crawler (Zig:10)
  A harpy zombie (Vaults:3)
  A ghoul skeleton (Vaults:2)
  2 guardian mummies (Tomb:2)
  A hornet (Zig:19)
  A fire dragon zombie (Vaults:2)
  12 vampires
  26 flying skulls
  2 black mamba zombies (Snake:1)
  An alligator skeleton (Tomb:2)
  2 wraiths
  A golden eye (Abyss:2)
  7 two-headed ogre zombies
  A naga (Snake:2)
  2 naga zombies (Snake:4)
  6 ogre zombies
  3 spiny frog zombies
  A deep troll zombie (Vaults:5)
  A hornet zombie (Lair:6)
  An elephant zombie (Lair:3)
  4 elf zombies
  A boggart (Vaults:1)
  2 blink frog zombies (Lair:6)
  A salamander zombie (Snake:4)
  4 centaurs
  A yaktaur zombie (Vaults:1)
  4 human zombies
  2 troll zombies (Orc:2)
  A snapping turtle simulacrum (Abyss:2)
  A spriggan skeleton (Geh:7)
  8 wights
  4 wolf zombies
  A quasit (D:9)
  A bullfrog zombie (D:15)
  3 mummies (Tomb:2)
  2 worker ant zombies (D:14)
  A white imp (Coc:7)
  3 orcs
  3 bat skeletons (D:9)
  2 bat zombies (D:9)
  3 gnoll zombies (D:10)
  A kobold skeleton (Geh:3)
  40 orc zombies
  221 blocks of ice
  4 briar patches
  A crawling corpse (Elf:3)
  2 fire vortices (Zig:27)
  72 fungi
  2 lurking horrors
  77 plants
  23 starspawn tentacles
  19 tentacles
  12 withered plants (Crypt:3)
719 creatures vanquished.

Grand Total: 7036 creatures vanquished

Notes
Turn   | Place    | Note
-------+----------+-------------------------------------------
     0 | D:1      | Theaset the Merfolk Fighter began the quest for the Orb.
     0 | D:1      | Reached XP level 1. HP: 18/18 MP: 1/1
    47 | D:1      | Reached XP level 2. HP: 24/24 MP: 2/2
   235 | D:1      | Reached XP level 3. HP: 29/29 MP: 3/3
   590 | D:2      | Noticed Robin
   630 | D:2      | Killed Robin
   887 | D:2      | Reached XP level 4. HP: 32/37 MP: 4/4
  1119 | D:2      | Reached skill level 5 in Polearms
  1530 | D:2      | Reached XP level 5. HP: 38/42 MP: 5/5
  1948 | D:3      | Reached skill level 1 in Dodging
  1949 | D:3      | Found a glowing drain.
  1960 | Sewer    | Entered a sewer
  1998 | Sewer    | Noticed Purgy
  2016 | Sewer    | Killed Purgy
  2016 | Sewer    | Reached XP level 6. HP: 18/48 MP: 6/6
  2494 | D:3      | Found a blossoming altar of Fedhas.
  3040 | D:4      | Reached XP level 7. HP: 55/55 MP: 7/7
  3494 | D:4      | Found a sacrificial altar of Ru.
  3947 | D:5      | Entered Level 5 of the Dungeon
  4048 | D:5      | Reached XP level 8. HP: 61/61 MP: 8/8
  4104 | D:5      | Reached skill level 10 in Polearms
  4196 | D:5      | Noticed Edmund
  4211 | D:5      | Killed Edmund
  4211 | D:5      | Reached skill level 5 in Fighting
  4983 | D:6      | Found a staircase to the Ecumenical Temple.
  5013 | D:6      | Found a hide-covered altar of Uskayaw.
  5047 | Temple   | Entered the Ecumenical Temple
  5441 | Temple   | Became a worshipper of Yredelemnul the Dark
  5719 | D:6      | Reached XP level 9. HP: 69/69 MP: 9/9
  5874 | D:6      | Found a white marble altar of Elyvilon.
  6045 | D:6      | You fall through a shaft!
  6048 | D:7      | Reached * piety under Yredelemnul
  6226 | D:7      | Found a sparkling altar of Nemelex Xobeh.
  6838 | D:6      | Found a stormy altar of Qazlal.
  7064 | D:7      | Found a shadowy altar of Dithmenos.
  7143 | D:7      | Reached skill level 5 in Shields
  7216 | D:7      | Found a deep blue altar of Sif Muna.
  7278 | D:8      | Noticed a two-headed ogre
  7293 | D:8      | Reached ** piety under Yredelemnul
  7314 | D:8      | Killed a two-headed ogre
  7314 | D:8      | Reached XP level 10. HP: 77/77 MP: 9/11
  7455 | D:8      | Noticed Psyche
  7466 | D:8      | Killed Psyche
  7931 | D:8      | Found a radiant altar of Vehumet.
  7934 | D:8      | Noticed Erica
  7952 | D:8      | Killed Erica
  7952 | D:8      | Reached skill level 5 in Dodging
  8292 | D:9      | Reached skill level 15 in Polearms
  8381 | D:9      | Reached *** piety under Yredelemnul
  8382 | D:9      | Noticed Pikel
  8398 | D:9      | Noticed a two-headed ogre
  8403 | D:9      | Killed Pikel
  8403 | D:9      | Reached skill level 5 in Armour
  8403 | D:9      | Reached XP level 11. HP: 70/84 MP: 14/14
  8424 | D:9      | Killed a two-headed ogre
  8794 | D:9      | Found Qerej's Assorted Antiques.
  8804 | D:9      | Bought a scroll labeled ONOARE NOYJO for 27 gold pieces
  8804 | D:9      | Bought a scintillating ivory amulet for 135 gold pieces
  8927 | D:9      | Identified the amulet "Likkotegh" {Reflect rElec rN++ Str-5 Dex-3 SH+5} (You bought it in a shop on level 9 of the Dungeon)
  8931 | D:9      | Bought a scroll of enchant weapon for 202 gold pieces
  8931 | D:9      | Bought a scroll of enchant armour for 202 gold pieces
  9063 | D:9      | Found a staircase to the Orcish Mines.
  9123 | D:9      | Reached skill level 5 in Invocations
  9192 | D:9      | Received a gift from Yredelemnul (3 flying skulls)
  9521 | D:9      | Found an ancient bone altar of Kikubaaqudgha.
  9809 | D:10     | Entered Level 10 of the Dungeon
 10014 | D:10     | Found a staircase to the Lair.
 10014 | D:10     | Noticed a death yak
 10079 | D:10     | Killed a death yak
 10098 | D:10     | Reached **** piety under Yredelemnul
 10444 | D:10     | Noticed a two-headed ogre
 10454 | D:10     | Killed a two-headed ogre
 10802 | Orc:1    | Entered Level 1 of the Orcish Mines
 10848 | Orc:1    | Received a gift from Yredelemnul (4 flying skulls)
 10865 | Orc:1    | Noticed an orc sorcerer
 10866 | Orc:1    | Found a frozen archway.
 10879 | Orc:1    | Killed an orc sorcerer
 10888 | IceCv    | Entered an ice cave
 11101 | IceCv    | Noticed a white ugly thing
 11123 | IceCv    | Killed a white ugly thing
 11138 | IceCv    | Reached XP level 12. HP: 68/94 MP: 16/16
 11185 | IceCv    | Received a gift from Yredelemnul (4 flying skulls)
 11215 | IceCv    | Got heavily runed ice dragon scales
 11275 | Orc:1    | Identified the +3 ice dragon scales of a labyrinth {rF- rC++ MR- Str+4 Int+4} (You found it in an ice cave)
 11411 | Orc:2    | Entered Level 2 of the Orcish Mines
 11441 | Orc:1    | Noticed Erolcha
 11446 | Orc:1    | Killed Erolcha
 11548 | Orc:2    | Noticed an orc high priest
 11560 | Orc:2    | Killed an orc high priest
 11701 | Orc:2    | Noticed a stone giant
 11716 | Orc:2    | Killed a stone giant
 11738 | Orc:2    | Found a staircase to the Elven Halls.
 11747 | Orc:2    | Found Jicrewki's Weapon Boutique.
 11784 | Orc:2    | Noticed a stone giant
 11788 | Orc:2    | HP: 4/94 [stone giant/large rock (50)]
 11804 | Orc:2    | Killed a stone giant
 12243 | Orc:2    | Noticed an orc high priest
 12244 | Orc:2    | Noticed an orc high priest
 12248 | Orc:2    | Noticed an orc high priest
 12248 | Orc:2    | Gained mutation: Your system is resistant to poisons. (rPois) [potion of mutation]
 12248 | Orc:2    | Gained mutation: You have a pair of small antennae on your head. [potion of mutation]
 12248 | Orc:2    | Gained mutation: You tend to lose your temper in combat. [potion of mutation]
 12257 | Orc:2    | Noticed an orc high priest
 12279 | Orc:2    | Noticed a sun demon
 12290 | Orc:2    | Noticed a sun demon
 12295 | Orc:2    | Killed an orc high priest
 12315 | Orc:2    | Noticed a soul eater
 12321 | Orc:2    | Killed an orc high priest
 12328 | Orc:2    | Killed an orc high priest
 12329 | Orc:2    | Received a gift from Yredelemnul (a wight)
 12334 | Orc:2    | Killed an orc high priest
 12601 | Orc:2    | Found Xoixkagg's Jewellery Shop.
 12601 | Orc:2    | Found Viptael's Distillery.
 12601 | Orc:2    | Found Ydymif's Armour Shop.
 12608 | Orc:2    | Found Huaqe's Antique Weapon Boutique.
 12623 | Orc:2    | Bought a +5 amulet of reflection for 494 gold pieces
 12623 | Orc:2    | Bought the ring of Syrghan {rF+ Str+3 SInv} for 423 gold pieces
 13125 | D:11     | Received a gift from Yredelemnul (a wight)
 13166 | D:11     | Noticed a two-headed ogre
 13183 | D:11     | Killed a two-headed ogre
 13318 | D:11     | Reached XP level 13. HP: 80/101 MP: 19/19
 13339 | D:11     | Received a gift from Yredelemnul (5 flying skulls)
 13441 | D:11     | Noticed Snorg
 13466 | D:11     | Killed Snorg
 13804 | D:11     | Received a gift from Yredelemnul (a wight)
 14064 | D:11     | Found Veasuus Nyul's Gadget Emporium.
 14330 | D:12     | Noticed Azrael
 14351 | D:12     | Reached ***** piety under Yredelemnul
 14747 | D:12     | Found Uciesab's Antique Weapon Emporium.
 14785 | D:12     | Noticed Rupert
 15148 | D:12     | Paralysed by Rupert for 4 turns
 15151 | D:12     | HP: 1/103 [cyclops (19)]
 15571 | D:13     | Received a gift from Yredelemnul (3 flying skulls)
 15824 | D:13     | Reached skill level 10 in Fighting
 16876 | Lair:1   | Entered Level 1 of the Lair of Beasts
 17059 | Lair:1   | Reached skill level 10 in Invocations
 17095 | Lair:1   | Noticed Nergalle
 17140 | Lair:1   | Killed Nergalle
 17206 | Lair:1   | Received a gift from Yredelemnul (a skeletal warrior)
 17832 | Lair:2   | Got a polished hat
 17838 | Lair:2   | Identified the cursed -3 hat of the Forgotten Dreams {rF+ Int+2 SInv} (You found it on level 2 of the Lair of Beasts)
 18596 | Lair:3   | Reached XP level 14. HP: 96/111 MP: 21/21
 19280 | Lair:3   | Found a staircase to the Snake Pit.
 20024 | Lair:4   | Found a staircase to the Swamp.
 20210 | Lair:4   | Gained mutation: You often lose your temper in combat. [potion of mutation]
 20210 | Lair:4   | Gained mutation: Your body sometimes deteriorates upon taking damage. [potion of mutation]
 20273 | Lair:4   | Received a gift from Yredelemnul (a vampire)
 21271 | Lair:5   | Found a staircase to the Slime Pits.
 21271 | Lair:5   | Found a viscous altar of Jiyva.
 21988 | Lair:6   | Entered Level 6 of the Lair of Beasts
 22140 | Lair:6   | Received a gift from Yredelemnul (a skeletal warrior)
 22585 | Lair:6   | Received a gift from Yredelemnul (a phantasmal warrior)
 22791 | Lair:6   | Reached ****** piety under Yredelemnul
 23158 | Lair:6   | Received a gift from Yredelemnul (a vampire knight)
 23522 | Lair:6   | Received a gift from Yredelemnul (a wraith)
 23568 | Lair:6   | Reached XP level 15. HP: 120/120 MP: 23/23
 24166 | Lair:3   | Received a gift from Yredelemnul (a vampire)
 24394 | D:12     | Killed Azrael
 24394 | D:12     | Enslaved Azrael
 24426 | D:12     | Paralysed by Rupert for 4 turns
 24433 | D:12     | Killed Rupert
 24433 | D:12     | Enslaved Rupert
 25011 | D:14     | Received a gift from Yredelemnul (a wraith)
 25137 | D:14     | Received a gift from Yredelemnul (a bone dragon)
 25588 | D:14     | Found a gate to the Vaults.
 26856 | D:15     | Entered Level 15 of the Dungeon
 26857 | D:15     | Identified a scroll of acquirement
 26982 | D:12     | Bought the +8 glaive of the Guard {elec, +Rage AC+5 SInv} for 1929 gold pieces
 27050 | D:15     | Received a gift from Yredelemnul (a bone dragon)
 27084 | D:15     | Found a staircase to the Depths.
 27156 | D:15     | Found Wusm's General Store.
 27173 | D:15     | Noticed Nessos
 27183 | D:15     | Killed Nessos
 27183 | D:15     | Enslaved Nessos
 27556 | D:15     | Received a gift from Yredelemnul (a vampire knight)
 27895 | D:15     | Noticed Jessica
 27900 | D:15     | Killed Jessica
 27904 | D:15     | Found a deep blue altar of Sif Muna.
 28053 | Depths:1 | Entered Level 1 of the Depths
 28085 | Depths:1 | Reached XP level 16. HP: 82/129 MP: 25/25
 28094 | Depths:1 | Received a gift from Yredelemnul (a skeletal warrior)
 28592 | Orc:2    | Bought the ring of Junt {rPois MR+ Dex+6} for 585 gold pieces
 28836 | Swamp:1  | Entered Level 1 of the Swamp
 29347 | Swamp:1  | Received a gift from Yredelemnul (a ghoul)
 29567 | Swamp:1  | Received a gift from Yredelemnul (a flayed ghost)
 29625 | Swamp:1  | Noticed Nikola
 29646 | Swamp:1  | Killed Nikola
 30109 | Swamp:2  | Received a gift from Yredelemnul (a vampire)
 30115 | Swamp:2  | Your ally Nessos died
 30295 | Swamp:2  | Got a crude plate armour
 30306 | Swamp:2  | Identified the cursed +0 plate armour of the Valley {Slay+6} (You found it on level 2 of the Swamp)
 30319 | Swamp:2  | Noticed a thorn hunter
 30327 | Swamp:2  | Killed a thorn hunter
 30829 | Swamp:2  | Received a gift from Yredelemnul (a ghoul)
 30964 | Swamp:3  | Noticed Yermak's ghost (adept BaBe)
 30983 | Swamp:3  | Killed Yermak's ghost
 31346 | Swamp:3  | Received a gift from Yredelemnul (a skeletal warrior)
 31755 | Swamp:3  | Received a gift from Yredelemnul (a vampire knight)
 31756 | Swamp:3  | Noticed a thorn hunter
 31765 | Swamp:3  | Killed a thorn hunter
 32598 | Swamp:3  | Received a gift from Yredelemnul (a vampire)
 32854 | Swamp:4  | Entered Level 4 of the Swamp
 32863 | Swamp:4  | Reached XP level 17. HP: 128/139 MP: 27/27
 32988 | Swamp:4  | Reached skill level 10 in Armour
 33419 | Swamp:4  | Received a gift from Yredelemnul (a ghoul)
 33431 | Swamp:4  | Noticed the 27-headed Lernaean hydra
 33439 | Swamp:4  | Received a gift from Yredelemnul (a bone dragon)
 33446 | Swamp:4  | Killed the 26-headed Lernaean hydra
 33473 | Swamp:4  | Received a gift from Yredelemnul (a skeletal warrior)
 33530 | Swamp:4  | Got a decaying rune of Zot
 33837 | Swamp:4  | Noticed Bai Suzhen
 33852 | Swamp:4  | Killed Bai Suzhen
 33852 | Swamp:4  | Enslaved Bai Suzhen
 33864 | Swamp:4  | Received a gift from Yredelemnul (a ghoul)
 33906 | Swamp:4  | Gained mutation: You are surrounded by a mild repulsion field. (EV +2) [potion of mutation]
 33906 | Swamp:4  | Gained mutation: You passively map a small area around you. [potion of mutation]
 34491 | Orc:2    | Bought the cursed +0 pair of gloves of Vlad {rElec rF+} for 292 gold pieces
 34719 | Snake:1  | Entered Level 1 of the Snake Pit
 34755 | Snake:1  | Found Baabrass's Weapon Shoppe.
 35094 | Snake:1  | Found Sassadom's Gadget Boutique.
 35147 | Snake:1  | Received a gift from Yredelemnul (a profane servitor)
 35229 | Snake:1  | Found Zyh Utargh's Armour Emporium.
 35247 | Snake:1  | Found Imour's Antique Armour Shop.
 35286 | Snake:1  | Bought a pair of embroidered boots for 409 gold pieces
 35329 | Snake:1  | Found Lutz's Book Boutique.
 35420 | Snake:1  | Lost mutation: Your system is resistant to poisons. (rPois) [potion of cure mutation]
 35420 | Snake:1  | Lost mutation: Your body sometimes deteriorates upon taking damage. [potion of cure mutation]
 35420 | Snake:1  | Lost mutation: You often lose your temper in combat. [potion of cure mutation]
 35420 | Snake:1  | Lost mutation: You have a pair of small antennae on your head. [potion of cure mutation]
 35420 | Snake:1  | Lost mutation: You passively map a small area around you. [potion of cure mutation]
 35547 | Snake:1  | Reached skill level 15 in Fighting
 35554 | Snake:1  | Received a gift from Yredelemnul (a ghoul)
 35809 | Snake:1  | Received a gift from Yredelemnul (a skeletal warrior)
 35965 | Snake:1  | Got an ichor-stained ring mail
 35966 | Snake:1  | Identified the +2 ring mail of Trog's Hope {+Inv Int+4} (You found it on level 1 of the Snake Pit)
 36090 | Snake:2  | Received a gift from Yredelemnul (a vampire knight)
 36195 | Snake:2  | Reached XP level 18. HP: 144/149 MP: 28/28
 37568 | Snake:4  | Entered Level 4 of the Snake Pit
 37590 | Snake:4  | Received a gift from Yredelemnul (a vampire knight)
 38241 | Snake:4  | Received a gift from Yredelemnul (a flayed ghost)
 38273 | Snake:4  | Reached skill level 15 in Invocations
 38274 | Snake:4  | Received a gift from Yredelemnul (a skeletal warrior)
 38292 | Snake:4  | Reached XP level 19. HP: 126/157 MP: 22/30
 38549 | Snake:4  | Got a serpentine rune of Zot
 38930 | D:15     | Bought a scroll of blinking for 135 gold pieces
 38930 | D:15     | Bought a scroll of enchant weapon for 135 gold pieces
 38978 | Vaults:1 | Entered Level 1 of the Vaults
 38978 | Vaults:1 | Noticed Jano's ghost (adept DsGl)
 38987 | Vaults:1 | Killed Jano's ghost
 39221 | Vaults:1 | Received a gift from Yredelemnul (a ghoul)
 39309 | Vaults:1 | Noticed Jorgrun
 39315 | Vaults:1 | Killed Jorgrun
 39704 | Vaults:1 | Received a gift from Yredelemnul (a flayed ghost)
 40130 | Vaults:1 | Received a gift from Yredelemnul (a vampire knight)
 40329 | Vaults:1 | Received a gift from Yredelemnul (a flayed ghost)
 40494 | Vaults:1 | Received a gift from Yredelemnul (a skeletal warrior)
 41338 | Vaults:2 | Received a gift from Yredelemnul (a flayed ghost)
 41369 | Vaults:2 | Reached XP level 20. HP: 168/168 MP: 31/31
 41373 | Vaults:2 | Received a gift from Yredelemnul (a vampire)
 41556 | Vaults:2 | Received a gift from Yredelemnul (a flayed ghost)
 41677 | Vaults:2 | Received a gift from Yredelemnul (a ghoul)
 41690 | Vaults:2 | Received a gift from Yredelemnul (a flayed ghost)
 41708 | Vaults:2 | Reached skill level 27 in Polearms
 42072 | Vaults:2 | Found a staircase to the Crypt.
 42125 | Vaults:2 | Found a stormy altar of Qazlal.
 42387 | Vaults:2 | Received a gift from Yredelemnul (a skeletal warrior)
 42902 | Vaults:2 | Received a gift from Yredelemnul (a vampire)
 43093 | Vaults:3 | Noticed Margery
 43123 | Vaults:3 | Killed Margery
 43123 | Vaults:3 | Enslaved Margery
 43164 | Vaults:3 | Received a gift from Yredelemnul (a ghoul)
 43168 | Vaults:3 | Your ally Margery died
 43668 | Vaults:3 | Got a twisted cloak
 43679 | Vaults:3 | Identified the +0 cloak of Existentialism {-Tele rF+ Int+3} (You found it on level 3 of the Vaults)
 43886 | Vaults:3 | Noticed Mennas
 43897 | Vaults:3 | Killed Mennas
 43897 | Vaults:3 | Enslaved Mennas
 44425 | Vaults:3 | Noticed Xtahua
 44429 | Vaults:3 | Killed Xtahua
 44797 | Vaults:4 | Received a gift from Yredelemnul (a flayed ghost)
 45040 | Vaults:4 | Reached XP level 21. HP: 178/178 MP: 33/33
 45064 | Vaults:4 | Received a gift from Yredelemnul (a ghoul)
 45286 | Vaults:4 | Received a gift from Yredelemnul (a vampire knight)
 45393 | Vaults:4 | Got a smoking copper ring
 45432 | Vaults:4 | Identified the ring "Neoraum" {rC+ Dex+5} (You found it on level 4 of the Vaults)
 45578 | Vaults:4 | Received a gift from Yredelemnul (a vampire knight)
 46388 | Snake:1  | Bought the +1 helmet "Nulomes" {Dex+5} for 378 gold pieces
 46654 | Depths:1 | Received a gift from Yredelemnul (a vampire)
 46689 | Depths:1 | Found a gateway to Hell.
 46785 | Depths:1 | Found a one-way gate to the infinite horrors of the Abyss.
 46795 | Depths:1 | Received a gift from Yredelemnul (a vampire)
 46895 | Depths:1 | Received a gift from Yredelemnul (a vampire)
 46964 | Depths:1 | Received a gift from Yredelemnul (a vampire knight)
 47190 | Depths:1 | You fall through a shaft!
 47425 | Depths:2 | Received a gift from Yredelemnul (a phantasmal warrior)
 47466 | Depths:2 | Reached XP level 22. HP: 190/190 MP: 35/35
 47664 | Depths:2 | Noticed a juggernaut
 47672 | Depths:2 | Noticed a caustic shrike
 47673 | Depths:2 | Killed a juggernaut
 47678 | Depths:2 | Killed a caustic shrike
 47680 | Depths:2 | Noticed a caustic shrike
 47684 | Depths:2 | Killed a caustic shrike
 47735 | Depths:2 | Noticed a caustic shrike
 47744 | Depths:2 | Killed a caustic shrike
 47898 | Depths:2 | Received a gift from Yredelemnul (a skeletal warrior)
 48128 | Depths:2 | Got a crystal trident
 48129 | Depths:2 | Identified the +1 trident "Iriysu" {freeze, *Noise +Inv Str+8 Dex+2} (You found it on level 2 of the Depths)
 48284 | Depths:2 | Noticed a golden dragon
 48287 | Depths:2 | Killed a golden dragon
 48391 | Depths:2 | Got an iridescent halberd {drain}
 48392 | Depths:2 | Identified the +6 halberd of Circularity {drain, rElec Str+7 Dex-3} (You took it off a frost giant on level 2 of the Depths)
 48592 | Depths:3 | Received a gift from Yredelemnul (a ghoul)
 48756 | Depths:3 | Received a gift from Yredelemnul (a phantasmal warrior)
 48873 | Depths:3 | Received a gift from Yredelemnul (a skeletal warrior)
 48890 | Depths:3 | Found a gateway to a ziggurat.
 48991 | Depths:3 | Received a gift from Yredelemnul (a ghoul)
 49431 | Depths:3 | Noticed Sojobo
 49445 | Depths:3 | Killed Sojobo
 49639 | Depths:3 | Received a gift from Yredelemnul (a phantasmal warrior)
 49692 | Depths:3 | Got a pearl-encrusted chain mail
 49693 | Depths:3 | Identified the +0 chain mail "Leuptiwu" {rC+ Str+5 Dex+2} (You found it on level 3 of the Depths)
 49700 | Depths:3 | Noticed Frederick
 49722 | Depths:3 | Killed Frederick
 49776 | Depths:3 | Reached XP level 23. HP: 198/202 MP: 36/36
 49848 | Depths:3 | Found a deep blue altar of Sif Muna.
 49876 | Depths:3 | Found a bloodstained altar of Trog.
 49924 | Depths:3 | Found The Legendary Tesiq's Legendary Smithy.
 49952 | Depths:3 | Found Oneirghe's Slaves and Accessories.
 50101 | Depths:3 | Found Jack's Jerk-a-riffic Jerky.
 50115 | Depths:3 | Bought a meat ration for 60 gold pieces
 50115 | Depths:3 | Bought a meat ration for 60 gold pieces
 50115 | Depths:3 | Bought a meat ration for 60 gold pieces
 50115 | Depths:3 | Bought a meat ration for 60 gold pieces
 50115 | Depths:3 | Bought a meat ration for 60 gold pieces
 50115 | Depths:3 | Bought a meat ration for 60 gold pieces
 50115 | Depths:3 | Bought a meat ration for 60 gold pieces
 50115 | Depths:3 | Bought a meat ration for 60 gold pieces
 50115 | Depths:3 | Bought a meat ration for 60 gold pieces
 50115 | Depths:3 | Bought a meat ration for 60 gold pieces
 50152 | Depths:3 | Found Kutunoit's Miraculous Elixirs.
 50152 | Depths:3 | Found a one-way gate leading to the halls of Pandemonium.
 50342 | Depths:3 | Found a roughly hewn altar of Beogh.
 50454 | Depths:3 | Bought a potion of mutation for 125 gold pieces
 50454 | Depths:3 | Bought 3 potions of mutation for 375 gold pieces
 50454 | Depths:3 | Bought a potion of mutation for 125 gold pieces
 50454 | Depths:3 | Gained mutation: Armour fits poorly on your strangely shaped body. [potion of mutation]
 50454 | Depths:3 | Gained mutation: You passively map a small area around you. [potion of mutation]
 50455 | Depths:3 | Gained mutation: Your flesh is heat resistant. (rF+) [potion of mutation]
 50455 | Depths:3 | Gained mutation: You are partially covered in slimy green scales. (AC +2) [potion of mutation]
 50455 | Depths:3 | Gained mutation: You have a pair of small antennae on your head. [potion of mutation]
 50456 | Depths:3 | Gained mutation: You evolve. [potion of mutation]
 50456 | Depths:3 | Gained mutation: Your magical capacity is low. (-10% MP) [potion of mutation]
 50457 | Depths:3 | Lost mutation: Your magical capacity is low. (-10% MP) [potion of mutation]
 50457 | Depths:3 | Gained mutation: You are agile. (Dex +2) [potion of mutation]
 50458 | Depths:3 | Gained mutation: You are robust. (+10% HP) [potion of beneficial mutation]
 50924 | Depths:4 | Got a faintly glowing tin ring
 50925 | Depths:4 | Identified the ring of Inome {rF+ rN+ Str+4 Dex+4} (You found it on level 4 of the Depths)
 51773 | Depths:5 | Entered Level 5 of the Depths
 51805 | Depths:5 | Received a gift from Yredelemnul (a ghoul)
 52147 | Depths:5 | Received a gift from Yredelemnul (a skeletal warrior)
 52160 | Depths:5 | Gained mutation: Your movements are slightly less encumbered by armour. (ER -2) [evolution]
 52251 | Depths:5 | Reached skill level 10 in Dodging
 52262 | Depths:5 | Found a gate to the Realm of Zot.
 52323 | Depths:5 | Received a gift from Yredelemnul (a vampire)
 52859 | Depths:3 | Reached XP level 24. HP: 230/236 MP: 36/36
 52906 | Depths:3 | Received a gift from Yredelemnul (a flayed ghost)
 53362 | Elf:1    | Entered Level 1 of the Elven Halls
 53363 | Elf:1    | Noticed Louise
 53365 | Elf:1    | Noticed Agnes
 53375 | Elf:1    | Killed Agnes
 53380 | Elf:1    | Killed Louise
 53457 | Elf:1    | Received a gift from Yredelemnul (a flayed ghost)
 53775 | Elf:1    | Received a gift from Yredelemnul (a vampire knight)
 53837 | Elf:1    | Found Wiosoch's Antique Armour Boutique.
 53837 | Elf:1    | Found Sazeq's Magic Scroll Shop.
 53845 | Elf:1    | Bought a scroll of enchant weapon for 135 gold pieces
 53845 | Elf:1    | Bought a scroll of teleportation for 54 gold pieces
 53845 | Elf:1    | Bought a scroll of enchant weapon for 135 gold pieces
 53845 | Elf:1    | Bought a scroll of blinking for 135 gold pieces
 53892 | Elf:1    | Received a gift from Yredelemnul (a bone dragon)
 54138 | Elf:1    | Identified the Compendium of Darkness
 54386 | Elf:2    | Received a gift from Yredelemnul (a skeletal warrior)
 54561 | Elf:2    | Noticed Roxanne
 54580 | Elf:2    | Killed Roxanne
 54581 | Elf:2    | Received a gift from Yredelemnul (a skeletal warrior)
 54819 | Elf:2    | Found a runed gate.
 54819 | Elf:2    | Found a runed gate.
 54819 | Elf:2    | Found a runed gate.
 54964 | Elf:2    | Noticed Aizul
 54979 | Elf:2    | Killed Aizul
 55263 | Elf:2    | Gained mutation: Your magical capacity is low. (-10% MP) [a neqoxec]
 55283 | Elf:2    | Received a gift from Yredelemnul (a flayed ghost)
 55495 | Elf:1    | Bought a bloodstained cloak for 228 gold pieces
 55495 | Elf:1    | Identified the cursed -2 cloak "Remurem" {rF+ rC- Str+2 Dex+3} (You bought it in a shop on level 1 of the Elven Halls)
 55554 | Elf:2    | Gained mutation: You have a pair of antennae on your head. [potion of beneficial mutation]
 55555 | Elf:2    | Gained mutation: Your mind is acute. (Int +2) [potion of beneficial mutation]
 55581 | Elf:3    | Entered Level 3 of the Elven Halls
 55653 | Elf:3    | Received a gift from Yredelemnul (a vampire knight)
 56024 | Elf:3    | Learned a level 8 spell: Necromutation
 56033 | Elf:3    | Learned a level 8 spell: Infestation
 56091 | Elf:3    | Got a pair of faintly humming boots
 56102 | Elf:3    | Identified the +2 pair of boots of Feelyf {rPois rC++ MR+} (You found it on level 3 of the Elven Halls)
 56264 | Elf:3    | Lost mutation: Armour fits poorly on your strangely shaped body. [potion of cure mutation]
 56264 | Elf:3    | Lost mutation: You are agile. (Dex +2) [potion of cure mutation]
 56264 | Elf:3    | Lost mutation: You are surrounded by a mild repulsion field. (EV +2) [potion of cure mutation]
 56264 | Elf:3    | Lost mutation: You tend to lose your temper in combat. [potion of cure mutation]
 56264 | Elf:3    | Lost mutation: Your magical capacity is low. (-10% MP) [potion of cure mutation]
 56275 | Elf:3    | Received a gift from Yredelemnul (a ghoul)
 56469 | Elf:3    | Found Misol's Jewellery Shop.
 57058 | Crypt:1  | Entered Level 1 of the Crypt
 57089 | Crypt:1  | Received a gift from Yredelemnul (a flayed ghost)
 57145 | Crypt:1  | Received a gift from Yredelemnul (a ghoul)
 57400 | Crypt:1  | Reached XP level 25. HP: 242/247 MP: 37/37
 58119 | Crypt:2  | Received a gift from Yredelemnul (a ghoul)
 58605 | Crypt:3  | Entered Level 3 of the Crypt
 58798 | Crypt:3  | Received a gift from Yredelemnul (a vampire knight)
 59192 | Crypt:3  | Received a gift from Yredelemnul (a phantasmal warrior)
 59322 | Crypt:3  | Found a staircase to the Tomb.
 59463 | Crypt:3  | Received a gift from Yredelemnul (a phantasmal warrior)
 59664 | Crypt:3  | Noticed an ancient lich
 59716 | Crypt:3  | Found an ancient bone altar of Kikubaaqudgha.
 59755 | Crypt:3  | Got a vibrating brass ring
 59755 | Crypt:3  | Got a translucent granite ring
 59755 | Crypt:3  | Got a sparkling tin ring
 59756 | Crypt:3  | Identified the ring "Inwozxai" {rPois rN+ Str+4 Int+6 Dex-2} (You found it on level 3 of the Crypt)
 59757 | Crypt:3  | Identified the ring of Grace {rN+ Dex+3} (You found it on level 3 of the Crypt)
 59758 | Crypt:3  | Identified the ring of Fenk {rF+ rN+ MR+} (You found it on level 3 of the Crypt)
 59847 | Crypt:3  | Noticed an ancient lich
 59857 | Crypt:3  | Killed an ancient lich
 59857 | Crypt:3  | Reached skill level 15 in Armour
 59944 | Crypt:3  | Killed an ancient lich
 60010 | Crypt:3  | Received a gift from Yredelemnul (a phantasmal warrior)
 60904 | Depths:1 | Received a gift from Yredelemnul (a ghoul)
 60945 | Depths:1 | Got a transparent ring mail
 60946 | Depths:1 | Identified the +1 ring mail of the Orcish Mines {MR++ MP+9 Slay-4 Stlth-} (You found it on level 1 of the Depths)
 61576 | Vaults:5 | Entered Level 5 of the Vaults
 61808 | Vaults:5 | Identified the Guide on the Entourage and Transmutation
 61815 | Vaults:5 | Got a twisted chain mail
 61816 | Vaults:5 | Identified the +5 chain mail of Xeapajod {rN+ MR++} (You found it on level 5 of the Vaults)
 61843 | Vaults:5 | Reached XP level 26. HP: 249/261 MP: 37/37
 61895 | Vaults:5 | Lost mutation: You passively map a small area around you. [evolution]
 62504 | Vaults:5 | Got a silver rune of Zot
 62671 | Vaults:5 | Received a gift from Yredelemnul (a vampire)
 62873 | Vaults:5 | Got a twisted chain mail
 62874 | Vaults:5 | Identified the cursed +1 chain mail of the Arcane {rC+ rN+ Str-2} (You found it on level 5 of the Vaults)
 63045 | Vaults:5 | Reached skill level 1 in Transmutations
 63079 | Vaults:5 | Reached skill level 1 in Spellcasting
 63213 | Vaults:5 | Reached skill level 1 in Necromancy
 63496 | Vaults:5 | Got a fine helmet
 63497 | Vaults:5 | Identified the +1 helmet "Cuhawoc" {rC+ Int+6 Dex-2} (You found it on level 5 of the Vaults)
 63733 | D:15     | Received a gift from Yredelemnul (a skeletal warrior)
 63871 | Zot:1    | Entered Level 1 of the Realm of Zot
 65535 | Zot:1    | Reached skill level 5 in Transmutations
 65541 | Zot:1    | Reached XP level 27. HP: 241/271 MP: 37/37
 66111 | Zot:2    | Cast into level 2 of the Abyss (purple draconian)
 66111 | Abyss:2  | Found a corrupted altar of Lugonu.
 66137 | Abyss:2  | Received a gift from Yredelemnul (a phantasmal warrior)
 66178 | Abyss:2  | Reached skill level 27 in Fighting
 66215 | Abyss:2  | Found a corrupted altar of Lugonu.
 66295 | Abyss:2  | Received a gift from Yredelemnul (a vampire)
 66501 | Abyss:2  | Gained mutation: Your magical capacity is low. (-10% MP) [a shining eye]
 66631 | Zot:2    | Escaped the Abyss
 67047 | Zot:2    | Reached skill level 5 in Spellcasting
 67278 | Zot:2    | Received a gift from Yredelemnul (a skeletal warrior)
 67661 | Zot:2    | Reached skill level 5 in Necromancy
 67795 | Zot:2    | Received a gift from Yredelemnul (a phantasmal warrior)
 68418 | Zot:2    | Received a gift from Yredelemnul (a phantasmal warrior)
 69144 | Zot:3    | Gained mutation: You are very robust. (+20% HP) [evolution]
 69181 | Zot:3    | Reached skill level 10 in Transmutations
 70314 | Zot:4    | Received a gift from Yredelemnul (a skeletal warrior)
 70529 | Zot:4    | Received a gift from Yredelemnul (a flayed ghost)
 70551 | Zot:4    | Got a bloodstained morningstar
 70552 | Zot:4    | Identified the +2 morningstar "Irraju" {speed, rN+ Int-4 Dex+2} (You found it on level 4 of the Realm of Zot)
 70995 | Zot:4    | Received a gift from Yredelemnul (a skeletal warrior)
 71309 | Hell     | Entered the Vestibule of Hell
 71309 | Hell     | Noticed Geryon
 71329 | Hell     | Gained mutation: Your mind is very acute. (Int +4) [potion of beneficial mutation]
 71332 | Hell     | Received a gift from Yredelemnul (a flayed ghost)
 71338 | Hell     | Received a gift from Yredelemnul (a ghoul)
 71348 | Hell     | Killed Geryon
 71363 | Hell     | Received a gift from Yredelemnul (a vampire knight)
 71377 | Hell     | Received a gift from Yredelemnul (a flayed ghost)
 71915 | Hell     | Received a gift from Yredelemnul (a vampire)
 72039 | Hell     | Found a gateway to the Iron City of Dis.
 72088 | Hell     | Received a gift from Yredelemnul (a skeletal warrior)
 72096 | Hell     | Found a gateway to the ashen valley of Gehenna.
 72151 | Hell     | Found a gateway to the decaying netherworld of Tartarus.
 72210 | Hell     | Found a gateway to the freezing wastes of Cocytus.
 72358 | Coc:1    | Entered Level 1 of Cocytus
 72665 | Coc:1    | Received a gift from Yredelemnul (a skeletal warrior)
 73656 | Temple   | Fell from the grace of Yredelemnul
 73656 | Temple   | Became a worshipper of the Shining One
 74205 | Coc:1    | Reached * piety under the Shining One
 74311 | Coc:1    | Reached ** piety under the Shining One
 74514 | Coc:1    | Reached *** piety under the Shining One
 74933 | Coc:1    | Reached **** piety under the Shining One
 75054 | Coc:1    | Gained mutation: Armour fits poorly on your strangely shaped body. [mutagenic glow]
 75250 | Coc:1    | Reached ***** piety under the Shining One
 75655 | Coc:2    | Reached ****** piety under the Shining One
 75918 | Coc:2    | Gained mutation: Scrolls take you a little longer to read. [mutagenic glow]
 75955 | Coc:2    | Lost mutation: Your magical capacity is low. (-10% MP) [mutagenic glow]
 76000 | Coc:2    | Gained mutation: You are clumsy. (Dex -2) [mutagenic glow]
 77008 | Coc:3    | Gained mutation: Potions are less effective at restoring your health. [mutagenic glow]
 77072 | Coc:3    | Lost mutation: You are very robust. (+20% HP) [mutagenic glow]
 77207 | Coc:3    | Identified a +4 trishula of holy wrath (a +2 demon trident of piercing blessed by the Shining One)
 77207 | Coc:3    | Received a gift from the Shining One
 77803 | Coc:4    | Reached skill level 10 in Spellcasting
 78253 | Coc:4    | Lost mutation: Scrolls take you a little longer to read. [evolution]
 79440 | Coc:5    | Gained mutation: Potions are poor at restoring your health. [mutagenic glow]
 79469 | Coc:5    | Gained mutation: You tend to lose your temper in combat. [mutagenic glow]
 80075 | Coc:6    | Paralysed by an eldritch tentacle for 4 turns
 80487 | Coc:6    | Was forgiven by Yredelemnul
 80919 | Zig:1    | Entered Level 1 of a ziggurat
 80958 | Zig:2    | Entered Level 2 of a ziggurat
 80989 | Zig:3    | Entered Level 3 of a ziggurat
 81051 | Zig:4    | Entered Level 4 of a ziggurat
 81347 | Zig:4    | Identified the Papyrus of Curses and Combat Magic
 81367 | Zig:5    | Entered Level 5 of a ziggurat
 81390 | Zig:5    | Reached skill level 10 in Necromancy
 81544 | Zig:6    | Entered Level 6 of a ziggurat
 81551 | Zig:6    | Noticed Esimaeg the pandemonium lord
 81582 | Zig:6    | Killed Esimaeg the pandemonium lord
 81698 | Zig:7    | Entered Level 7 of a ziggurat
 81830 | Zig:8    | Entered Level 8 of a ziggurat
 81902 | Zig:8    | Lost mutation: Your mind is very acute. (Int +4) [potion of cure mutation]
 81902 | Zig:8    | Lost mutation: You tend to lose your temper in combat. [potion of cure mutation]
 81902 | Zig:8    | Lost mutation: Armour fits poorly on your strangely shaped body. [potion of cure mutation]
 81902 | Zig:8    | Lost mutation: Potions are poor at restoring your health. [potion of cure mutation]
 81902 | Zig:8    | Lost mutation: Your flesh is heat resistant. (rF+) [potion of cure mutation]
 81916 | Zig:8    | Learned a level 9 spell: Glaciate
 82098 | Zig:9    | Entered Level 9 of a ziggurat
 82105 | Zig:9    | Noticed a greater mummy
 82111 | Zig:9    | Reached skill level 15 in Transmutations
 82118 | Zig:9    | Killed a greater mummy
 82344 | Zig:9    | Got a translucent cloak
 82355 | Zig:9    | Identified the +1 cloak of Midsummer {rF+} (You found it on level 9 of a ziggurat)
 82374 | Zig:9    | Identified the Disquisition on Congealing Displacement
 82589 | Zig:10   | Entered Level 10 of a ziggurat
 83001 | Zig:10   | Identified The Tome of Greatest Risks and Utility
 83012 | Zig:10   | Got a steaming chain mail
 83013 | Zig:10   | Identified the +3 chain mail "Iloamec" {Str+3 Dex+4 Stlth+} (You found it on level 10 of a ziggurat)
 83064 | Zig:11   | Entered Level 11 of a ziggurat
 83070 | Zig:11   | Noticed an ancient lich
 83083 | Zig:11   | Killed an ancient lich
 83164 | Zig:11   | Got a warped bronze ring
 83165 | Zig:11   | Identified the ring "Kyzaruq" {rPois rF+ rC+ Int-4} (You found it on level 11 of a ziggurat)
 83169 | Zig:11   | Reached skill level 1 in Ice Magic
 83171 | Zig:11   | Identified the Volume of Beguiling
 83203 | Zig:12   | Entered Level 12 of a ziggurat
 83271 | Zig:12   | Identified the Volume of Transmutation
 83286 | Zig:13   | Entered Level 13 of a ziggurat
 83349 | Zig:14   | Entered Level 14 of a ziggurat
 84829 | Tomb:1   | Entered Level 1 of the Tomb of the Ancients
 85284 | Tomb:1   | Reached skill level 1 in Conjurations
 85304 | Tomb:1   | Lost mutation: You are clumsy. (Dex -2) [evolution]
 85342 | Tomb:1   | Noticed a greater mummy
 85355 | Tomb:1   | Killed a greater mummy
 85954 | Tomb:2   | Noticed a greater mummy
 85954 | Tomb:2   | Noticed a greater mummy
 85954 | Tomb:2   | Noticed a greater mummy
 85954 | Tomb:2   | Noticed a greater mummy
 87271 | Tomb:1   | Killed a greater mummy
 87828 | Tomb:1   | Killed a greater mummy
 88106 | Tomb:1   | Killed a greater mummy
 88478 | Tomb:2   | Killed a greater mummy
 88929 | Tomb:1   | Noticed a greater mummy
 88929 | Tomb:1   | Noticed a greater mummy
 88930 | Tomb:1   | Noticed a greater mummy
 88936 | Tomb:1   | Noticed a greater mummy
 88939 | Tomb:1   | Killed a greater mummy
 88941 | Tomb:1   | Noticed a greater mummy
 89360 | Tomb:2   | Killed a greater mummy
 89642 | Tomb:2   | Killed a greater mummy
 89823 | Tomb:2   | Killed a greater mummy
 90006 | Tomb:1   | Killed a greater mummy
 90074 | Tomb:1   | Noticed a greater mummy
 90084 | Tomb:1   | Killed a greater mummy
 90233 | Tomb:1   | Noticed a greater mummy
 90246 | Tomb:1   | Killed a greater mummy
 90246 | Tomb:1   | Reached skill level 5 in Ice Magic
 90249 | Tomb:1   | Noticed a greater mummy
 90440 | Tomb:1   | Killed a greater mummy
 90527 | Tomb:1   | Noticed a greater mummy
 90533 | Tomb:1   | Killed a greater mummy
 90594 | Tomb:1   | Noticed a greater mummy
 90600 | Tomb:1   | Noticed a greater mummy
 90602 | Tomb:1   | Noticed a greater mummy
 90604 | Tomb:1   | Noticed a greater mummy
 90605 | Tomb:1   | Killed a greater mummy
 90688 | Tomb:2   | Killed a greater mummy
 91098 | Tomb:1   | Killed a greater mummy
 91497 | Tomb:1   | Killed a greater mummy
 91674 | Tomb:1   | Noticed a greater mummy
 91693 | Tomb:1   | Killed a greater mummy
 91917 | Tomb:1   | Noticed a greater mummy
 91933 | Tomb:1   | Killed a greater mummy
 91933 | Tomb:1   | Reached skill level 27 in Invocations
 92734 | Tomb:2   | Reached skill level 5 in Conjurations
 92766 | Tomb:3   | Entered Level 3 of the Tomb of the Ancients
 92788 | Tomb:3   | Noticed a greater mummy
 93215 | Tomb:3   | Noticed a greater mummy
 93216 | Tomb:3   | Noticed a greater mummy
 93228 | Tomb:2   | Killed a greater mummy
 93369 | Tomb:3   | Noticed a greater mummy
 93801 | Tomb:2   | Killed a greater mummy
 94074 | Tomb:3   | Killed a greater mummy
 94079 | Tomb:3   | Killed a greater mummy
 94507 | Tomb:3   | Noticed a greater mummy
 94516 | Tomb:3   | Killed a greater mummy
 94518 | Tomb:3   | Noticed a greater mummy
 94534 | Tomb:3   | Killed a greater mummy
 94626 | Tomb:3   | Noticed a greater mummy
 94637 | Tomb:3   | Killed a greater mummy
 94949 | Tomb:3   | Noticed a greater mummy
 94962 | Tomb:3   | Killed a greater mummy
 94979 | Tomb:3   | Noticed a greater mummy
 95477 | Tomb:2   | Lost mutation: You evolve. [end of evolution]
 95512 | Tomb:3   | Killed a greater mummy
 95512 | Tomb:3   | Reached skill level 10 in Ice Magic
 95757 | Tomb:3   | Got a golden rune of Zot
 95824 | Tomb:3   | Got a warped glaive
 95825 | Tomb:3   | Identified the +1 glaive "Xuotwa" {vamp, +Blink MR+ Dex+4} (You found it on level 3 of the Tomb of the Ancients)
 96061 | Tomb:3   | Identified the Almanac of the Mountains and Bewitchment
 96070 | Tomb:3   | Got a bloodstained shield
 96149 | Tomb:3   | Identified the cursed +0 shield "Gyimaame" {rC+ Str+2} (You found it on level 3 of the Tomb of the Ancients)
 96173 | Tomb:3   | Got a coiled steel ring
 96175 | Tomb:3   | Identified the ring of the Crown {rF+ AC+4 Int+4} (You found it on level 3 of the Tomb of the Ancients)
 96241 | Tomb:3   | Got a warped chain mail
 96242 | Tomb:3   | Identified the cursed +0 chain mail "Trusted Companion" {rElec rC+ Int+4} (You found it on level 3 of the Tomb of the Ancients)
 96251 | Tomb:3   | Got a steaming helmet
 96252 | Tomb:3   | Identified the +0 helmet "Veff" {rPois SInv} (You found it on level 3 of the Tomb of the Ancients)
 98579 | Coc:7    | Entered Level 7 of Cocytus
 98813 | Coc:7    | Reached skill level 15 in Spellcasting
 98846 | Coc:7    | Noticed Antaeus
 98895 | Coc:7    | Killed Antaeus
 98904 | Coc:7    | Reached skill level 10 in Conjurations
100344 | Coc:7    | Got a spiked cloak
100355 | Coc:7    | Identified the +3 cloak "Raodong" {Str+7} (You found it on level 7 of Cocytus)
100359 | Coc:7    | Got an icy rune of Zot
100799 | Geh:1    | Entered Level 1 of Gehenna
101763 | Geh:2    | Reached skill level 15 in Ice Magic
106805 | Geh:7    | Entered Level 7 of Gehenna
107241 | Geh:7    | Reached skill level 15 in Conjurations
107823 | Geh:7    | Cast into level 3 of the Abyss (hell knight)
108107 | Geh:7    | Escaped the Abyss
108117 | Geh:7    | HP: 10/259 [hell knight/halberd of distortion (23)]
108119 | Geh:7    | The Shining One protects you from harm!
109064 | Geh:7    | HP: 4/271 [Brimstone Fiend/damnation (36)]
109369 | Geh:7    | Noticed Asmodeus
109414 | Geh:7    | Killed Asmodeus
109899 | Geh:7    | Got a pair of dazzling gloves
109910 | Geh:7    | Identified the +2 pair of gloves of Mucak {MR+ Int+2 Stlth+} (You found it on level 7 of Gehenna)
109928 | Geh:7    | Got an iridescent trident
109929 | Geh:7    | Identified the +1 trident "Hydrabane" {flame, +Rage Str+4} (You found it on level 7 of Gehenna)
109945 | Geh:7    | Got an obsidian rune of Zot
110089 | Geh:7    | Gained mutation: You tend to lose your temper in combat. [a cacodemon]
110360 | D:15     | Bought a bread ration for 90 gold pieces
110360 | D:15     | Bought a royal jelly for 36 gold pieces
110600 | Slime:1  | Entered Level 1 of the Pits of Slime
111060 | Slime:1  | Gained mutation: Your system is resistant to poisons. (rPois) [a shining eye]
112007 | Slime:3  | Gained mutation: Your body sometimes deteriorates upon taking damage. [a shining eye]
113043 | Slime:5  | Entered Level 5 of the Pits of Slime
113401 | Slime:5  | Noticed the Royal Jelly
113414 | Slime:5  | Killed the Royal Jelly
113957 | Slime:5  | Got a slimy rune of Zot
113982 | Slime:5  | Got a flickering copper ring
113984 | Slime:5  | Identified the ring "Kela" {rC++ Str+3 Dex+4 Stlth+} (You found it on level 5 of the Pits of Slime)
114086 | Slime:5  | Learned a level 8 spell: Controlled Blink
114302 | Slime:5  | Gained mutation: You are agile. (Dex +2) [a shining eye]
115218 | Depths:1 | Voluntarily entered the Abyss.
115218 | Abyss:1  | Found a radiant altar of Vehumet.
115244 | Abyss:1  | Found a corrupted altar of Lugonu.
115304 | Abyss:1  | Found a radiant altar of Vehumet.
116203 | Abyss:2  | Paralysed by accursed screaming for 1 turns
116435 | Abyss:2  | Found a corrupted altar of Lugonu.
116537 | Abyss:2  | Found a corrupted altar of Lugonu.
116714 | Abyss:2  | Found a corrupted altar of Lugonu.
118108 | Abyss:2  | Paralysed by accursed screaming for 1 turns
118866 | Abyss:2  | Got a pitted shield
118867 | Abyss:2  | Identified the +0 shield "Leahuoh" {*Corrode rF+ Str+4 Stlth+} (You acquired it on level 2 of the Abyss)
118984 | Abyss:2  | Found a blossoming altar of Fedhas.
119352 | Depths:1 | Escaped the Abyss
119643 | Temple   | Fell from the grace of the Shining One
119643 | Temple   | Became a worshipper of Makhleb the Destroyer
120762 | Zig:1    | Entered Level 1 of a ziggurat
120785 | Zig:2    | Entered Level 2 of a ziggurat
120807 | Zig:2    | Got a warped plate armour
120809 | Zig:2    | Identified the cursed +0 plate armour "Xetoefong" {rElec rPois rF+ Int+3} (You found it on level 2 of a ziggurat)
120813 | Zig:3    | Entered Level 3 of a ziggurat
120815 | Zig:3    | Noticed a juggernaut
120825 | Zig:3    | Killed a juggernaut
120841 | Zig:3    | Got a pair of bloodstained boots
120842 | Zig:3    | Identified the +0 pair of boots of the Orcish Mines {rC+ Dex+2} (You found it on level 3 of a ziggurat)
120857 | Zig:4    | Entered Level 4 of a ziggurat
121070 | Zig:4    | Identified the Catalogue of the Arsonist and Stones
121081 | Zig:5    | Entered Level 5 of a ziggurat
121410 | Zig:6    | Entered Level 6 of a ziggurat
121442 | Zig:6    | Reached * piety under Makhleb
121465 | Zig:6    | Identified Spellcraft, Part Two
121483 | Zig:7    | Entered Level 7 of a ziggurat
121573 | Zig:8    | Entered Level 8 of a ziggurat
122021 | Zig:8    | Reached ** piety under Makhleb
122048 | Zig:8    | Got a transparent iron amulet
122049 | Zig:8    | Identified the amulet of Ycvutor {Harm *Drain Int+3 Slay+5 Stlth-} (You found it on level 8 of a ziggurat)
122657 | Zig:9    | Entered Level 9 of a ziggurat
122683 | Zig:9    | Noticed a greater mummy
122736 | Zig:9    | Killed a greater mummy
122754 | Zig:9    | HP: 9/267 [mummy priest/divine providence (16)]
122759 | Zig:9    | HP: 7/273 [poisoned by an ushabti (dark miasma)]
122761 | Zig:10   | Entered Level 10 of a ziggurat
122764 | Zig:10   | Lost mutation: You are robust. (+10% HP) [potion of cure mutation]
122764 | Zig:10   | Lost mutation: You tend to lose your temper in combat. [potion of cure mutation]
122764 | Zig:10   | Lost mutation: Your system is resistant to poisons. (rPois) [potion of cure mutation]
122764 | Zig:10   | Lost mutation: Your mind is acute. (Int +2) [potion of cure mutation]
122764 | Zig:10   | Lost mutation: You have a pair of antennae on your head. [potion of cure mutation]
122765 | Zig:10   | Lost mutation: You are partially covered in slimy green scales. (AC +2) [potion of cure mutation]
122765 | Zig:10   | Lost mutation: You are agile. (Dex +2) [potion of cure mutation]
122766 | Zig:10   | Gained mutation: You have a pair of antennae on your head. [potion of beneficial mutation]
123293 | Zig:10   | Noticed Biuled the pandemonium lord
123309 | Zig:10   | Killed Biuled the pandemonium lord
123479 | Zig:10   | Got a dazzling cloak
123490 | Zig:10   | Identified the cursed +0 cloak "Ecre" {Dex+5} (You found it on level 10 of a ziggurat)
123684 | Zig:11   | Entered Level 11 of a ziggurat
123712 | Zig:11   | Noticed Uzafu Der the pandemonium lord
123745 | Zig:12   | Entered Level 12 of a ziggurat
123977 | Zig:12   | Reached *** piety under Makhleb
124107 | Zig:13   | Entered Level 13 of a ziggurat
124180 | Zig:14   | Entered Level 14 of a ziggurat
124714 | Zig:14   | Noticed Dadwung the pandemonium lord
124716 | Zig:14   | Noticed Xatriape the pandemonium lord
124740 | Zig:14   | Killed Dadwung the pandemonium lord
124751 | Zig:14   | HP: 11/249 [balrug/bolt of fire[Xatriape] (10)]
124757 | Zig:14   | HP: 8/249 [balrug/bolt of fire[Xatriape] (7)]
124763 | Zig:15   | Entered Level 15 of a ziggurat
125291 | Zig:15   | Paralysed by a floating eye for 4 turns
125301 | Zig:15   | Reached **** piety under Makhleb
125318 | Zig:15   | Identified the Guide on the Enthralling Traveller
125321 | Zig:15   | Identified Qaloz's Disquisition on Transformation
125325 | Zig:15   | Identified Jeiph's Tome of Frigorific Good Luck
125336 | Zig:15   | Got an ancient plate armour
125337 | Zig:15   | Identified the +2 plate armour of Ixtoazir {MR- Str+8 Int+7 Dex-4} (You found it on level 15 of a ziggurat)
125364 | Zig:16   | Entered Level 16 of a ziggurat
125394 | Zig:16   | Paralysed by a floating eye for 3 turns
125402 | Zig:16   | Paralysed by a floating eye for 3 turns
125412 | Zig:16   | Paralysed by a floating eye for 4 turns
125486 | Zig:16   | Got a faintly glowing hat
125497 | Zig:16   | Identified the +3 hat of Complete Protection {Str+2} (You acquired it on level 16 of a ziggurat)
125594 | Zig:17   | Entered Level 17 of a ziggurat
125623 | Zig:17   | Reached ***** piety under Makhleb
125694 | Zig:17   | Lost mutation: You have a pair of antennae on your head. [potion of cure mutation]
125694 | Zig:17   | Lost mutation: Your body sometimes deteriorates upon taking damage. [potion of cure mutation]
125694 | Zig:17   | Lost mutation: Your movements are slightly less encumbered by armour. (ER -2) [potion of cure mutation]
125695 | Zig:17   | Lost mutation: You have a pair of small antennae on your head. [potion of cure mutation]
125696 | Zig:17   | Gained mutation: You have an increased reservoir of magic. (+10% MP) [potion of beneficial mutation]
125700 | Zig:17   | Got a translucent plate armour
125701 | Zig:17   | Identified the +6 plate armour "Lionobie" {+Fly rC- Str+5 Dex+8} (You found it on level 17 of a ziggurat)
125705 | Zig:17   | Got a smoking ivory ring
125707 | Zig:17   | Identified the ring of Buunucof {Wiz rF+ rC++ Str+4} (You found it on level 17 of a ziggurat)
125716 | Zig:17   | Identified the Reference Book on Unstable Ice
125726 | Zig:17   | Got a shimmering iron ring
125728 | Zig:17   | Identified the ring of Yviygu {+Fly rElec rPois MR+ Int-3} (You found it on level 17 of a ziggurat)
125735 | Zig:17   | Got a flickering sapphire amulet
125736 | Zig:17   | Identified the amulet "Giot" {RegenMP Int+2} (You found it on level 17 of a ziggurat)
125759 | Zig:18   | Entered Level 18 of a ziggurat
125795 | Zig:18   | Noticed an ancient lich
125812 | Zig:18   | Noticed an ancient lich
125812 | Zig:18   | Killed an ancient lich
125816 | Zig:18   | Noticed an ancient lich
125817 | Zig:18   | Noticed an ancient lich
125821 | Zig:18   | Noticed an ancient lich
125829 | Zig:18   | Killed an ancient lich
125831 | Zig:18   | Killed an ancient lich
125836 | Zig:18   | Killed an ancient lich
125847 | Zig:18   | Killed an ancient lich
125904 | Zig:18   | Identified the Guide on Changing and Summoning
125938 | Zig:19   | Entered Level 19 of a ziggurat
125960 | Zig:19   | Reached ****** piety under Makhleb
126004 | Zig:19   | Identified the Catalogue of Combat Magic
126016 | Zig:19   | Learned a level 6 spell: Deflect Missiles
126020 | Zig:19   | Got a translucent pewter ring
126022 | Zig:19   | Identified the ring "Aduepuu" {+Fly rC+ Int-3 Dex+4 SInv} (You found it on level 19 of a ziggurat)
126033 | Zig:19   | Got an ancient ivory ring
126035 | Zig:19   | Identified the ring "Paumpaje" {rN+ Stlth+} (You found it on level 19 of a ziggurat)
126051 | Zig:20   | Entered Level 20 of a ziggurat
126068 | Zig:20   | Noticed a greater mummy
126069 | Zig:20   | Noticed a greater mummy
126070 | Zig:20   | Noticed a greater mummy
126071 | Zig:20   | Noticed a greater mummy
126081 | Zig:20   | Killed a greater mummy
126091 | Zig:20   | Noticed a greater mummy
126101 | Zig:20   | Killed a greater mummy
126105 | Zig:20   | Killed a greater mummy
126108 | Zig:20   | Noticed a greater mummy
126108 | Zig:20   | Killed a greater mummy
126109 | Zig:20   | Killed a greater mummy
126130 | Zig:20   | Killed a greater mummy
126300 | Zig:20   | Identified the Guide on Dark Rites and Cold
126343 | Zig:21   | Entered Level 21 of a ziggurat
126356 | Zig:21   | Noticed a juggernaut
126356 | Zig:21   | Noticed a juggernaut
126357 | Zig:21   | Noticed a juggernaut
126358 | Zig:21   | Noticed a juggernaut
126364 | Zig:21   | Noticed a juggernaut
126365 | Zig:21   | Noticed a juggernaut
126373 | Zig:21   | Killed a juggernaut
126387 | Zig:21   | Killed a juggernaut
126388 | Zig:21   | Killed a juggernaut
126388 | Zig:21   | Killed a juggernaut
126388 | Zig:21   | Killed a juggernaut
126395 | Zig:21   | Killed a juggernaut
126432 | Zig:21   | Got a warped tin amulet
126433 | Zig:21   | Identified the amulet of the Suburbs {Regen+ Dex+2} (You found it on level 21 of a ziggurat)
126437 | Zig:21   | Identified the Collected Works on Toxins and the Oath
126454 | Zig:21   | Identified the Guide on Doomed Changing
126467 | Zig:21   | Learned a level 5 spell: Irradiate
126476 | Zig:21   | Got a translucent silver ring
126478 | Zig:21   | Identified the ring "Huoneost" {-Tele rC++ rN+ Dex+2} (You found it on level 21 of a ziggurat)
126500 | Zig:22   | Entered Level 22 of a ziggurat
126522 | Zig:22   | Noticed an ancient lich
126522 | Zig:22   | Noticed an ancient lich
126547 | Zig:22   | Killed an ancient lich
126548 | Zig:22   | Noticed an ancient lich
126553 | Zig:22   | Killed an ancient lich
126559 | Zig:22   | Killed an ancient lich
126724 | Zig:22   | Got a bound copper ring
126726 | Zig:22   | Identified the ring "Cigeykhlu" {Dex+3 Stlth-} (You found it on level 22 of a ziggurat)
126755 | Zig:23   | Entered Level 23 of a ziggurat
126829 | Zig:23   | Reached skill level 27 in Ice Magic
126967 | Zig:23   | Got a pair of jewelled gloves
126968 | Zig:23   | Identified the +0 pair of gloves of Odoo {rF+} (You acquired it on level 23 of a ziggurat)
126981 | Zig:23   | Got a twisted plate armour
126992 | Zig:23   | Identified the cursed +1 plate armour of Joy {rF+ rC+ rN++ Dex-4} (You found it on level 23 of a ziggurat)
127014 | Zig:23   | Got a steaming scale mail
127033 | Zig:24   | Entered Level 24 of a ziggurat
127250 | Zig:24   | Gained mutation: Your flesh is heat resistant. (rF+) [potion of beneficial mutation]
127265 | Zig:24   | Identified the Disquisition on Destructive Ice
127287 | Zig:24   | Got a distressingly furry chain mail
127298 | Zig:24   | Identified the cursed +1 chain mail "Vuaqygy" {-Tele rF++ Dex+6} (You found it on level 24 of a ziggurat)
127319 | Zig:24   | Got a heavily runed lead amulet
127322 | Zig:24   | Identified the amulet of Disaster {Gourm rPois} (You found it on level 24 of a ziggurat)
127341 | Zig:25   | Entered Level 25 of a ziggurat
127368 | Zig:25   | Paralysed by a floating eye for 4 turns
127377 | Zig:25   | Paralysed by a floating eye for 3 turns
127542 | Zig:25   | Identified Qeta's Disquisition on Igneous Envenoming
127564 | Zig:25   | Identified Wompagit's Compendium of Blows and Bruises
127585 | Zig:26   | Entered Level 26 of a ziggurat
127836 | Zig:26   | Got a faintly glowing copper ring
127838 | Zig:26   | Identified the ring of Impatience {rN+ MR- Str+5 Dex+5} (You found it on level 26 of a ziggurat)
127854 | Zig:26   | Identified Ituem's Handbook of Ashen Transmutation
127862 | Zig:26   | Identified the Volume of Poison and Enchantment
127887 | Zig:26   | Got a scorched plate armour
127898 | Zig:26   | Identified the cursed +1 plate armour of Too Many Cooks {Slay+2} (You found it on level 26 of a ziggurat)
127917 | Zig:27   | Entered Level 27 of a ziggurat
127929 | Zig:27   | Noticed sose's ghost (legendary DECj)
127944 | Zig:27   | Reached skill level 1 in Evocations
127959 | Zig:27   | Killed sose's ghost
127968 | Zig:27   | Noticed Kocun the pandemonium lord
127985 | Zig:27   | Gained mutation: You occasionally shout uncontrollably at your foes. [miscasting Necromutation]
128006 | Zig:27   | Killed from afar by a hellion

Vault maps used:
D:1:      minmay_arrival_four_circles
D:2:      patterned_corridor, uniq_robin
D:3:      fedhas_altar_1, first_bread, portal_sewer_entry_d
D:4:      hangedman_ru_absence
D:5:      corexii_checkpoint_a, uniq_edmund
D:6:      elyvilon_altar_5, eat_drink_and_be_merry_uskayaw,
          kennysheep_mini_moat, hex_large
D:7:      nemelex_xobeh_ov_fountains_minmay, kennysheep_mini,
          kennysheep_little_box
D:8:      basic_altar, grunt_livestock, corexii_checkpoint_a, uniq_erica,
          uniq_psyche
D:9:      kennysheep_vampire_church, kennysheep_orc_monster_closet_entryway,
          serial_shops, shop, minmay_misc_feat_enclosed, nicolae_benzene_ring,
          uniq_pikel
D:10:     david_lair_generic
D:11:     serial_shops, shop, minmay_joined_circles, uniq_snorg
D:12:     serial_shops, shop, wad_floor_pattern_1, uniq_azrael, uniq_rupert
D:14:     hangedman_vaults_entry_quadrant_bands
D:15:     hangedman_depths_entry_civil_slaughter, tgw_sif, serial_shops,
          shop_statue, uniq_nessos
Temple:   minmay_temple_forest_path
Lair:1:   infiniplex_staircase_pool_2, minmay_lair_oklob_chamber, uniq_nergalle
Lair:2:   st_stairs_6
Lair:3:   guppyfry_snake_entry_garden, serial_bayou_shore_a, grunt_megastairs_5
Lair:4:   swamp_mist, grunt_megastairs_2
Lair:5:   statuecave_lemuel, slime_altar_1, serial_bayou_shore_b
Lair:6:   minmay_lair_end_enchanted_forest, serial_bayou_lagoon_a,
          serial_bayou_shore_b
Swamp:1:  hangedman_swamp_pad, swamp_pool5, uniq_nikola
Swamp:2:  nicolae_swamp_treefoil
Swamp:3:  evilmike_swamp_ruin_house_4
Swamp:4:  swamp_old_school, swamp_pool1, uniq_bai_suzhen
Snake:1:  serial_shops, shop, nicolae_shop_temple_entry_statues_fountains, shop,
          shop, nicolae_shop_crystal, hangedman_snake_sidewinding
Snake:4:  snake_pit
Slime:1:  nicolae_slime_phagocytosis
Orc:1:    portal_ice_cave_rime, uniq_urug, uniq_erolcha, uniq_gastronok,
          uniq_maurice
Orc:2:    st_orc_mages, serial_shops, shop
Elf:1:    minmay_elf_necromancy, sword_in_stone, minmay_shoptagon
Elf:2:    uniq_roxanne, uniq_aizul
Elf:3:    grunt_elf_hall_diamonds, serial_shops, nicolae_shop_trees
Vaults:1: hangedman_vaults_nails, v_rooms_2, dpeg_vaults_monster_row,
          nicolae_vaults_theta, vaults_room_grunt_arrival_ludios,
          nicolae_vaults_little_squares_1, ontoclasm_vaults_bender, st_cross,
          vaults_room_stairs_pillars, hangedman_vaults_hat, vaults_mumra_lcd,
          vaults_room_door_ring, vaults_room_pools, uniq_jorgrun
Vaults:2: special_room_vaults, v_misc_33, grunt_vaults_diagonal,
          vaults_room_ringed_pool, v_misc_14, nicolae_vaults_network_s,
          hangedman_vaults_pinch, v_alt_pattern_1, vaults_room_boxed,
          hangedman_vaults_capsules, vaults_room_pools, v_misc_14, v_misc_27,
          minmay_crypt_entry_simple_sparse, grunt_vaults_hallway_short,
          basic_altar
Vaults:3: nicolae_vaults_network_quincunx, ontoclasm_vaults_eye,
          nicolae_vaults_angled_halls, nicolae_vaults_ninety_degrees,
          vaults_mumra_bighexcomb, hangedman_vaults_variations,
          ontoclasm_vaults_ligature, v_misc_30,
          nicolae_vaults_mini_display_case, vaults_dpeg_diagonal,
          v_alt_pattern_4, uniq_margery, uniq_mennas, uniq_xtahua
Vaults:4: nicolae_vaults_little_squares_4, vaults_mumra_hex, v_misc_12,
          nicolae_vaults_network_star, hangedman_vaults_stream,
          hangedman_vaults_unwind, v_misc_3, vaults_room_semicircle,
          vaults_room_stairs_pillars, ontoclasm_vaults_misaligned,
          vaults_room_semicircle
Vaults:5: serial_shops
Crypt:1:  st_stairs_14, nicolae_crypt_cryptocurrency,
          grunt_crypt_arrival_guarded_gate, grunt_megastairs_1
Crypt:3:  quadcrypt_mu
Depths:1: hell_entry, abyss_entry, grunt_decor_mini_mirrors,
          due_unseen_surprise, serial_bayou_shore_b
Depths:2: minmay_box_of_curves, grunt_mini_vestibule, serial_bayou_pond_a
Depths:3: grated_community_mu, enter_ziggurat_e, serial_glass, glass_columns_a,
          glass_columns_b, abyss_entry, pan_entry, hell_entry,
          hangedman_abyss_or_decor_jellyfish_corner, minmay_misc_feat_five,
          kennysheep_underground_church, uniq_sojobo, uniq_frederick
Depths:4: mu_elephants_graveyard, serial_glass, glass_columns_c,
          glass_columns_c, hangedman_abyss_entry_splay, hell_entry,
          infiniplex_staircase_door_maze, serial_bayou_shore_b
Depths:5: grunt_zot_entry_bicorn, hell_entry, abyss_entry_glasseish
Geh:6:    evilmike_ambush
Geh:7:    geh_mu
Coc:7:    coc_hangedman
Zot:1:    nicolae_zot_stationary_front, grunt_ministairs_3
Zot:2:    grunt_zot_stairs_faceoff, st_stairs_4, amethyst_zot_foddershock
Abyss:1:  evilmike_abyss_exit_6
Abyss:3:  nicolae_abyss_rune_left_handed
Zig:10:   ziggurat_pillar_centre_c
Zig:11:   ziggurat_pillar_centre_smoke
Zig:13:   ziggurat_pillar_centre_oklobs
Zig:14:   ziggurat_pillar_centre_dead_trees
Sewer:    sewer_the_crocodile
IceCv:    ice_cave_statue_garden_chambered

Skill      XL: |  1  2  3  4  5  6  7  8  9 10 11 12 13 14 15 16 17 18 19 20 21 22 23 24 25 26 27 |
---------------+----------------------------------------------------------------------------------+-----
Polearms       | 4 5 6 7 9 12 14 15 16 17 18 20 21 22 24 25 26 27 | 27.0
Fighting       | 4 5 6 7 8 9 10 11 12 14 15 16 17 18 20 21 23 24 26 27 | 27.0
Dodging        | 1 2 3 4 5 7 8 9 10 | 10.7
Shields        | 4 5 6 8 9 |  9.6
Armour         | 3 4 5 7 8 9 10 11 12 13 14 15 16 21 | 21.3
Invocations    | 2 4 6 9 10 11 12 13 14 15 17 18 19 20 21 27 | 27.0
Transmutations | 5 21 | 21.2
Spellcasting   | 3 22 | 22.5
Necromancy     | 3 14 | 14.7
Ice Magic      | 27 | 27.0
Conjurations   | 23 | 23.6
Translocations | 3 |  3.3
Evocations     | 4 |  4.4
Staves         | |  0.8

Action                   |  1- 3 |  4- 6 |  7- 9 | 10-12 | 13-15 | 16-18 | 19-21 | 22-24 | 25-27 || total
-------------------------+-------+-------+-------+-------+-------+-------+-------+-------+-------++-------
Melee: Trident           |   113 |    59 |       |       |       |       |       |       |       ||   172
       Spear             |       |   181 |   467 |  1015 |  1738 |       |       |       |       ||  3401
       Tailslap          |       |     2 |       |       |     1 |    43 |       |       |   173 ||   219
       Scimitar          |       |       |       |       |    36 |     3 |       |       |       ||    39
       Glaive            |       |       |       |       |    83 |   960 |  1042 |  1196 | 11219 || 14500
       Staff             |       |       |       |       |       |       |       |       |     7 ||     7
 Cast: Glaciate          |       |       |       |       |       |       |       |       |    59 ||    59
       Necromutation     |       |       |       |       |       |       |       |       |    35 ||    35
       Irradiate         |       |       |       |       |       |       |       |       |     1 ||     1
Invok: Animate Dead      |       |       |       |    15 |    17 |     6 |     4 |     1 |     6 ||    49
       Drain Life        |       |       |       |     3 |     1 |     3 |     9 |     4 |     7 ||    27
       Recall Undead Sla |       |       |       |       |     7 |     3 |     2 |     3 |     6 ||    21
       Enslave Soul      |       |       |       |       |     3 |     1 |     2 |       |       ||     6
       Injury Mirror     |       |       |       |       |       |       |     1 |       |     1 ||     2
       Cleansing Flame   |       |       |       |       |       |       |       |       |    50 ||    50
       Divine Shield     |       |       |       |       |       |       |       |       |    20 ||    20
       Summon Divine War |       |       |       |       |       |       |       |       |     3 ||     3
       Brand Weapon With |       |       |       |       |       |       |       |       |     1 ||     1
 Abil: End Transformatio |       |       |       |       |       |       |       |       |     3 ||     3
Evoke: Wand              |       |       |     4 |     4 |     5 |     2 |     4 |     2 |     5 ||    26
       Lamp of fire      |       |       |       |       |     2 |     1 |     1 |       |     6 ||    10
       Phantom mirror    |       |       |       |       |       |       |       |       |    15 ||    15
       Sceptre of Asmode |       |       |       |       |       |       |       |       |     5 ||     5
       Staff of energy   |       |       |       |       |       |       |       |       |     2 ||     2
       Figurine of a zig |       |       |       |       |       |       |       |       |     1 ||     1
  Use: Potion            |     3 |     1 |     4 |    16 |     7 |     6 |     3 |    11 |    54 ||   105
       Scroll            |       |     7 |     5 |    11 |    13 |     4 |     7 |    30 |    88 ||   165
 Stab: Paralysed         |       |       |     7 |     6 |     1 |     3 |     1 |     1 |     1 ||    20
       Invisible         |       |       |     1 |       |       |       |     1 |       |     9 ||    11
       Distracted        |       |       |       |     7 |    10 |    17 |    13 |    45 |    19 ||   111
       Betrayed ally     |       |       |       |     1 |       |       |       |     2 |       ||     3
       Confused          |       |       |       |       |     2 |       |    10 |    11 |     5 ||    28
  Eat: Meat ration       |       |     1 |     2 |     3 |     2 |     1 |     1 |     4 |    27 ||    41
       Chunk             |       |     1 |     3 |     8 |    13 |     4 |     4 |     1 |    14 ||    48
       Royal jelly       |       |       |     1 |     1 |     5 |       |       |     1 |    28 ||    36
       Bread ration      |       |       |       |       |     6 |     6 |     6 |     3 |     8 ||    29
       Fruit             |       |       |       |       |       |       |     1 |       |    13 ||    14
Armor: Scale mail        |    36 |    60 |    13 |       |       |       |       |       |       ||   109
       Ring mail         |       |       |    58 |   106 |       |       |       |       |       ||   164
       Skin              |       |       |       |    36 |       |       |       |       |     5 ||    41
       Plate armour      |       |       |       |    12 |   317 |   338 |   209 |   143 |  1657 ||  2676
       Gold dragon scale |       |       |       |       |       |       |       |   164 |  6172 ||  6336
Dodge: Dodged            |    26 |    75 |    65 |   158 |   317 |   415 |   299 |   333 |  6259 ||  7947
Block: Shield            |    39 |    65 |   112 |   291 |   277 |       |       |       |       ||   784
       Reflection        |       |       |       |    11 |    38 |    25 |    23 |    35 |    63 ||   195
       Other             |       |       |       |       |    32 |   173 |   188 |   168 |  4350 ||  4911
       Buckler           |       |       |       |       |   375 |       |       |       |       ||   375
       Rpst.: Scimitar   |       |       |       |       |     1 |       |       |       |       ||     1
